 Dungeon Crawl Stone Soup version 0.30-a0-165-g1891117ce2 (webtiles) character file.

Game seed: 2611982636417406949

358398 qw the Peltast (level 22, -10/152 HPs)
             Began as a Gargoyle Fighter on Sept 28, 2022.
             Was a High Priest of Okawaru.
             Killed from afar by a hell knight (32 damage)
             ... with a bolt of fire
             ... on level 4 of the Depths.
             The game lasted 00:19:51 (40669 turns).

qw the Peltast (Gargoyle Fighter)                  Turns: 40669, Time: 00:19:52

Health: -10/152    AC: 58    Str: 39    XL:     22   Next: 38%
Magic:  24/29      EV: 15    Int:  8    God:    Okawaru [*****.]
Gold:   3175       SH: 30    Dex: 21    Spells: 21/21 levels left

rFire   . . .      SeeInvis +    h - +3 broad axe (freeze)
rCold   + + +      Faith    .    r - +2 tower shield
rNeg    + . .      Spirit   .    p - +7 plate armour "Enask" {Regen+ Dex+6}
rPois   inf        Reflect  +    D - +1 helmet {SInv}
rElec   +          Harm     .    A - +1 cloak {rPois}
rCorr   .          Rampage  .    s - +0 pair of gloves of the Dungeon {rPois rC+ Int+3}
Will    +....                    q - +3 pair of mountain boots {steadfast, rC+}
Stlth   ..........               t - amulet of reflection
HPRegen 1.15/turn                n - ring of Ustroob {Drain rElec Str+8 Int-4 Dex+6}
MPRegen 0.21/turn                b - ring of the Building Gods {rC+ AC+4 Slay+6}

@: finesse-ful, flying, slowed, very slow
A: sickness immunity, AC +16, big wings, negative energy resistance 1,
electricity resistance, torment resistance 1, petrification resistance
}: 2/15 runes: decaying, serpentine
a: Renounce Religion, Heroism, Finesse, Duel


You were on level 4 of the Depths.
You worshipped Okawaru.
Okawaru was extremely pleased with you.
You visited 8 branches of the dungeon, and saw 39 of its levels.
You visited the Abyss 1 time.

You collected 7799 gold pieces.
You spent 4624 gold pieces at shops.


Innate Abilities, Weirdness & Mutations

You are immune to sickness and miasma.
Your stone body is resilient. (AC +16)
You are immune to poison.
Your large and strong wings let you fly.
You resist negative energy. (rN+)
You are resistant to electric shocks. (rElec)
You are resistant to unholy torment.
You are immune to petrification.


   Skills:
 - Level 20.0 Fighting
 - Level 18.0 Axes
 - Level 6.0 Throwing
 - Level 19.0 Armour
 - Level 11.0 Dodging
 + Level 20.6 Shields
 - Level 10.0 Invocations


You had 21 spell levels left.
You didn't know any spells.
Your spell library was empty.

Inventory:

Hand Weapons
 h - a +3 broad axe of freezing (weapon)
 o - the +2 war axe of Puckish Reinforcement {flame, rElec rF- rC+ SInv Stlth+}
   (Okawaru gifted it to you on level 4 of the Snake Pit)

   It burns those it strikes, dealing additional fire damage.
   Big, fiery blades are also staple armaments of hydra-hunters.
   rF:        It makes you vulnerable to fire.
   rC:        It protects you from cold.
   rElec:     It insulates you from electricity.
   SInv:      It lets you see invisible.
   Stlth:     It makes you more stealthy.
Armour
 f - a +2 cloak
 g - a +1 pair of gloves of infusion
 p - the +7 plate armour "Enask" (worn) {Regen+ Dex+6}
   (Okawaru gifted it to you on level 12 of the Dungeon)

   Dex:       It affects your dexterity (+6).
   Regen:     It increases your rate of health regeneration.
 q - the +3 pair of mountain boots (worn) {steadfast, rC+}
   (You bought it in a shop on level 13 of the Dungeon)

   It prevents involuntary movement, except for blinking, teleportation, or
   banishment.
   rC:        It protects you from cold.
 r - a +2 tower shield (worn)
 s - the +0 pair of gloves of the Dungeon (worn) {rPois rC+ Int+3}
   (Okawaru gifted it to you on level 9 of the Dungeon)

   Int:       It affects your intelligence (+3).
   rC:        It protects you from cold.
   rPois:     It protects you from poison.
 x - +0 acid dragon scales
 A - a +1 cloak of poison resistance (worn)
 D - a +1 helmet of see invisible (worn)
Jewellery
 b - the ring of the Building Gods (right hand) {rC+ AC+4 Slay+6}
   (You acquired it on level 8 of the Dungeon)

   [ring of protection]

   AC:        It affects your AC (+4).
   Slay:      It affects your accuracy & damage with ranged weapons and melee
   (+6).
   rC:        It protects you from cold.
 n - the ring of Ustroob (left hand) {Drain rElec Str+8 Int-4 Dex+6}
   (You bought it in a shop on level 2 of the Orcish Mines)

   [ring of dexterity]

   Str:       It affects your strength (+8).
   Int:       It affects your intelligence (-4).
   Dex:       It affects your dexterity (+6).
   rElec:     It insulates you from electricity.
   Drain:     It drains your maximum health when unequipped.
 t - an amulet of reflection (around neck)
Scrolls
 k - 18 scrolls of identify
 l - 3 scrolls of teleportation
Potions
 a - 3 potions of lignification
 c - 3 potions of attraction
 d - 7 potions of might
 e - 8 potions of haste
 i - 11 potions of heal wounds
 j - 4 potions of resistance
 m - 2 potions of cancellation
 v - 7 potions of mutation
 w - 9 potions of curing
 z - 2 potions of magic

Dungeon Overview and Level Annotations

Branches:
Dungeon (15/15)            Temple (1/1) D:4            Lair (5/5) D:9
  Swamp (4/4) Lair:3        Snake (4/4) Lair:3        Slime (0/5) Lair:5
    Orc (2/2) D:12            Elf (0/3) Orc:2        Vaults (4/5) D:13
  Crypt (0/3) Vaults:2     Depths (4/4) D:15            Zot (0/5) Depths:4

Altars:
Ashenzari
Cheibriados
Dithmenos
Elyvilon
Fedhas
Gozag
Hepliaklqana
Kikubaaqudgha
Makhleb
Nemelex Xobeh
Okawaru
Qazlal
Ru
Sif Muna
Trog
Uskayaw
Vehumet
Wu Jian
Xom
Yredelemnul
Zin
The Shining One
Lugonu

Shops:
D:1 *   D:3 :   D:5 !   D:13 [   Orc:1 (   Orc:2 *[(*[!   Vaults:4 *([

Portals:
Hell: Depths:1 Depths:2 Depths:3 Depths:4
Abyss: Depths:2 Depths:3
Pandemonium: Depths:2
Ziggurat: Depths:1
Trove: Depths:2 (show abyssal rune of Zot)

Annotations:
D:6 3 runed translucent doors, qw's ghost, novice GrFi
Vaults:3 3 runed translucent doors, Ugguttuj's ghost, veteran DrWn; qw's ghost, adept GrFi
Depths:3 1 runed door


Message History

The bolt of fire hits you but does no damage.
You closely miss the spriggan air mage.
The spriggan air mage is severely wounded.
You slice the hell knight!! You freeze the hell knight!
You block the hell knight's attack. The spriggan air mage hits you.
You block the hell knight's attack.
You barely miss the spriggan air mage.
The spriggan air mage is severely wounded.
You slash the hell knight! You freeze the hell knight.
You block the hell knight's attack.
You slice the spriggan air mage!! You freeze the spriggan air mage.
You kill the spriggan air mage!
Okawaru accepts your kill.
You hear a sizzling splash.
You slice the hell knight!! You freeze the hell knight!
You kill the hell knight!
Okawaru accepts your kill.
You carve the hell hog like the proverbial ham!!!
You freeze the hell hog!!
You kill the hell hog!
Okawaru accepts your kill. You block the hell knight's attack.
The hellion gestures at you.
The sphere of damnation explodes!
The damnation engulfs you!!
Found 6 stones.
Your hands slow down.
You block the hell knight's attack. The hell knight closely misses you.
The hell knight invokes the aid of its god against you.
The bolt of fire hits you but does no damage.
You block the hell knight's attack.
The hell knight hits you with a +3 glaive!
Items here: %%% ) [.
40669 ||| INVOKING Finesse.
You can now deal lightning-fast blows.
You feel like a meek peon again.
The hell knight invokes the aid of its god against you.
The bolt of fire hits you!!
The hell knight calls down the wrath of its god upon you.
The bolt of fire hits you!!
You die...

#.# #....
###'####...$...#.#....~(
..........~~..........¤.
...)(....¤~~....¤¤....~.
...().....~....¤..!..~¤.
...................¤~~..
....%!.........¤~~~¤~~~.
..............~~¤~~~~¤¤¤
.........[.%$~¤¤@ph..¤~~
............%~~~~p2\..¤¤
............[.~~~p....~~
...............¤~¤¤¤.~~.
.................¤~¤~~~.
................¤¤~¤~~..
.........?.##......~~...
...........###...¤......
............ ##.....


You could see 3 hell knights, a hell hog and a hellion.

Vanquished Creatures
  Sojobo (Vaults:3)
  2 golden dragons
  A bone dragon (Vaults:2)
  Jorgrun (Swamp:1)
  Zenata (Vaults:1)
  2 liches
  4 sphinxes
  Kirke (D:12)
  A tentacled starspawn (Abyss:2)
  Donald (Vaults:2)
  2 shadow dragons
  3 tengu reavers
  3 nagarajas (Snake:4)
  A draconian scorcher (Depths:4)
  4 fire giants
  Aizul (Swamp:1)
  2 iron dragons (Depths:1)
  A draconian knight (Depths:4)
  2 frost giants
  A caustic shrike zombie (Depths:2)
  18 vault wardens
  A curse skull (Depths:3)
  A balrug (Depths:1)
  16 very ugly things
  18 ironbound preservers
  4 war gargoyles
  3 orc warlords
  10 stone giants
  7 ironbound thunderhulks
  A green draconian (Depths:4)
  A starcursed mass (Abyss:2)
  Nessos (Lair:4)
  2 eleionomae
  2 yellow draconians (Depths:4)
  2 bunyips
  4 spark wasps (Depths:3)
  9 dire elephants
  3 purple draconians (Depths:4)
  Snorg (D:10)
  A crystal guardian (Vaults:2)
  A deep elf death mage (Vaults:4)
  5 fire dragons
  10 ettins
  2 merfolk impalers
  2 green deaths (Swamp:4)
  Josephine (D:12)
  A shambling mangrove (Swamp:4)
  5 great orbs of eyes
  14 yaktaur captains
  An entropy weaver (Vaults:3)
  6 rakshasas
  7 ice dragons
  5 salamander tyrants
  A hell beast (Swamp:4)
  15 ironbound frosthearts
  3 peacekeepers
  18 vault guards
  6 spriggan air magi
  6 alligators
  6 hydras
  8 anacondas
  A catoblepas (Lair:5)
  9 centaur warriors
  12 naga warriors
  5 two-headed ogres
  2 death knights
  7 death yaks (Lair:5)
  5 boulder beetles
  6 naga sharpshooters (Snake:4)
  7 tengu warriors
  2 deep troll earth magi (Depths:3)
  3 hell hogs (Depths:4)
  3 deep troll shamans
  A spriggan berserker (Depths:3)
  2 orc high priests (Orc:2)
  3 shock serpents
  Nergalle (D:12)
  2 hell knights
  5 sun demons
  Urug (D:13)
  9 soul eaters
  Amaemon (D:9)
  3 goliath frogs
  4 iron trolls
  A spark wasp zombie (Depths:2)
  A storm dragon skeleton (Vaults:4)
  4 naga ritualists
  A salamander mystic (Depths:2)
  8 swamp dragons
  2 glowing orange brains
  2 spriggan druids (Swamp:2)
  4 sea snakes (Snake:2)
  14 wizards
  A flayed ghost (Depths:2)
  52 deep trolls
  A sphinx zombie (Depths:1)
  7 bog bodies
  10 lindwurms
  A lindwurm (shapeshifter) (Depths:4)
  9 ironbound convokers
  4 deep elf pyromancers
  2 mana vipers
  A frost giant zombie (Depths:1)
  6 orc knights
  6 necromancers
  2 shadow dragon skeletons
  42 ugly things
  An oklob plant (Lair:4)
  5 cyclopes
  25 salamanders
  A sphinx skeleton (Depths:1)
  5 orc sorcerers (Orc:2)
  A human zombie (Vaults:4)
  A faun (shapeshifter) (Depths:4)
  3 manticores
  A will-o-the-wisp (Swamp:3)
  9 elephants
  A frost giant skeleton (Vaults:4)
  18 vault sentinels
  11 naga magi
  2 stone giant skeletons
  3 guardian serpents
  Maurice (D:12)
  15 black mambas
  2 smoke demons
  2 torpor snails (Lair:5)
  6 cane toads
  5 orange demons
  5 gargoyles
  A yaktaur zombie (Vaults:4)
  An efreet (D:14)
  An unseen horror (D:11)
  8 komodo dragons
  27 yaktaurs
  5 tengu conjurers
  A freezing wraith (D:15)
  A bloated husk (Swamp:2)
  5 trolls
  3 tyrant leeches
  10 polar bears
  3 meliai (D:13)
  13 blink frogs
  16 hornets
  40 slime creatures
  2 raiju (Lair:5)
  2 stone giant simulacra (Vaults:4)
  15 dream sheep
  2 large abominations (Swamp:4)
  A vampire (D:12)
  An ettin zombie (Vaults:2)
  5 shadows
  16 spriggans
  4 wyverns
  2 water elementals
  2 hogs (D:12)
  4 humans (D:12)
  47 yaks
  9 wraiths
  4 fire bats (Depths:2)
  2 basilisks
  2 redbacks (Vaults:3)
  A spriggan simulacrum (Depths:1)
  5 vampire mosquitoes
  14 wargs
  A glowing shapeshifter zombie (Depths:1)
  18 swamp worms
  2 acid dragons
  12 water moccasins
  43 nagas
  15 hell hounds (Lair:5)
  A floating eye (Depths:2)
  45 orc warriors
  14 black bears
  A swamp drake (Swamp:2)
  A sky beast (D:6)
  11 ogres
  A boggart (Vaults:4)
  24 wolves
  13 centaurs
  A phantom (D:6)
  A kobold brigand (D:11)
  5 bullfrogs
  3 scorpions
  4 gnoll sergeants
  A glowing shapeshifter simulacrum (Depths:1)
  14 killer bees
  13 electric eels
  5 howler monkeys
  A lava snake (Snake:1)
  3 human simulacra
  2 hounds
  3 jellies
  31 orc priests
  A gnoll bouda (D:8)
  2 iguanas
  26 orc wizards
  18 gnolls
  7 adders
  3 shadow imps
  4 white imps
  An ufetubus (D:6)
  A worm (D:4)
  2 dart slugs
  104 orcs
  5 ball pythons
  4 endoplasms
  9 goblins
  4 hobgoblins
  A jackal (D:4)
  A quokka (D:5)
  7 bats
  2 frilled lizards
  11 kobolds
  5 rats
  A fire vortex (Depths:2)
  2 starspawn tentacles (Abyss:2)
1446 creatures vanquished.

Vanquished Creatures (others)
  Erolcha (D:13)
  A spriggan druid (Swamp:3)
  3 bloated husks
  An orc wizard (Orc:2)
  6 foxfires (Swamp:3)
  11 fungi
  30 plants
  2 starspawn tentacles (Abyss:2)
55 creatures vanquished.

Grand Total: 1501 creatures vanquished

Notes
Turn   | Place    | Note
-------+----------+-------------------------------------------
     0 | D:1      | qw the Gargoyle Fighter began the quest for the Orb.
     0 | D:1      | Reached XP level 1. HP: 14/14 MP: 1/1
     0 | D:1      | 0 ||| qw: Version: 0.2-a-12-gaebbb33
     0 | D:1      | 0 ||| qw: Game counter: 889
     0 | D:1      | 0 ||| qw: Always use a shield: true
     0 | D:1      | 0 ||| qw: God list: Okawaru
     0 | D:1      | 0 ||| qw: Allow faded altars: false
     0 | D:1      | 0 ||| qw: Do Orc after D:15 true
     0 | D:1      | 0 ||| qw: Do second Lair branch before Depths: true
     0 | D:1      | 0 ||| qw: Lair rune preference: random
     0 | D:1      | 0 ||| qw: Plans: Normal, Zot:1-4, God:TSO, Crypt, Tomb,
                  | Pan, Slime:5, Hells, Abyss, Orb
     0 | D:1      | 0 ||| PLANNING D:1-11
    27 | D:1      | Found Guluiri's General Store.
    35 | D:1      | 35 ||| SHOPLISTING +4 plate armour of fire resistance (700
                  | gold, have 0).
    35 | D:1      | 35 ||| SHOPLISTING potion of curing (42 gold, have 0).
    35 | D:1      | 35 ||| SHOPLISTING scroll of enchant armour (105 gold, have
                  | 0).
   111 | D:1      | 111 ||| Stepping ~*~*~tactically~*~*~ (hiding).
   118 | D:1      | Reached XP level 2. HP: 19/19 MP: 2/2
   389 | D:1      | Reached skill level 3 in Axes
   532 | D:1      | 532 ||| DROPPING +0 club.
   697 | D:1      | 697 ||| READING scroll labelled UKHLEEZ MIOG.
   698 | D:1      | 698 ||| READING scroll labelled SASIMP LENE.
   699 | D:1      | 699 ||| READING scroll labelled BINOUKOTH ZUFIE.
   736 | D:2      | Found a faded altar of an unknown god.
   746 | D:2      | Reached XP level 3. HP: 23/23 MP: 3/3
   766 | D:2      | 766 ||| Stepping ~*~*~tactically~*~*~ (stealth).
   783 | D:2      | 783 ||| FLEEEEING.
   785 | D:2      | 785 ||| FLEEEEING.
   786 | D:2      | 786 ||| FLEEEEING.
   787 | D:2      | 787 ||| FLEEEEING.
   788 | D:2      | 788 ||| FLEEEEING.
   789 | D:2      | 789 ||| FLEEEEING.
   790 | D:2      | 790 ||| FLEEEEING.
   791 | D:2      | 791 ||| FLEEEEING.
   792 | D:2      | 792 ||| FLEEEEING.
   793 | D:2      | 793 ||| FLEEEEING.
   796 | D:2      | 796 ||| STAIRDANCE
   835 | D:1      | 835 ||| DROPPING orb of energy.
   846 | D:2      | 846 ||| STAIRDANCE
  1274 | D:2      | 1274 ||| DROPPING +0 mace.
  1319 | D:2      | 1319 ||| Stepping ~*~*~tactically~*~*~ (hiding).
  1918 | D:2      | 1918 ||| UPGRADING to +4 ring of slaying {mikee}.
  1919 | D:2      | 1919 ||| READING 2 scrolls labelled SOEMOTHIMO.
  1920 | D:2      | 1920 ||| DROPPING scroll of poison.
  2007 | D:3      | Found Dextem's Book Emporium.
  2029 | D:3      | Reached XP level 4. HP: 28/28 MP: 4/4
  2087 | D:3      | Found a blossoming altar of Fedhas.
  2227 | D:3      | Identified the +1 ring mail "Byff" {rPois Str+4 Stlth+}
  2402 | D:3      | 2402 ||| UPGRADING to +0 plate armour.
  2412 | D:3      | 2412 ||| DROPPING +0 scale mail.
  2413 | D:3      | 2413 ||| UPGRADING to +0 cloak.
  2418 | D:3      | 2418 ||| READING scroll labelled MASKOW MAWNO.
  2612 | D:4      | Found a staircase to the Ecumenical Temple.
  2613 | D:4      | 2613 ||| PLANNING TEMPLE
  2613 | D:4      | 2613 ||| READING scroll labelled LYSKANW DIMM.
  2621 | Temple   | Entered the Ecumenical Temple
  2622 | Temple   | 2622 ||| PLANNING OKAWARU WORSHIP
  2640 | Temple   | Became a worshipper of Warmaster Okawaru
  2641 | Temple   | 2641 ||| PLANNING D:1-11
  2665 | D:4      | 2665 ||| Stepping ~*~*~tactically~*~*~ (hiding).
  2744 | D:4      | 2744 ||| DROPPING +2 mace of protection.
  2886 | D:4      | 2886 ||| Stepping ~*~*~tactically~*~*~ (stealth).
  2971 | D:4      | Identified the +1 plate armour of Dithmenos, Hammering
                  | {Int+4 Dex+4}
  2975 | D:4      | Found an ancient bone altar of Kikubaaqudgha.
  3189 | D:4      | 3189 ||| DROPPING +0 flail.
  3192 | D:4      | 3192 ||| Stepping ~*~*~tactically~*~*~ (stealth).
  3204 | D:4      | Reached XP level 5. HP: 28/32 MP: 5/5
  3283 | D:4      | Noticed an ogre
  3284 | D:4      | 3284 ||| Stepping ~*~*~tactically~*~*~ (stealth).
  3292 | D:4      | HP: 6/32 [ogre/+0 giant spiked club (26)]
  3293 | D:4      | Killed an ogre
  3575 | D:4      | 3575 ||| Stepping ~*~*~tactically~*~*~ (hiding).
  3576 | D:4      | 3576 ||| Stepping ~*~*~tactically~*~*~ (hiding).
  3584 | D:4      | Reached * piety under Okawaru
  3585 | D:4      | Reached XP level 6. HP: 38/38 MP: 6/6
  3728 | D:4      | 3728 ||| INVOKING Heroism.
  3804 | D:4      | 3804 ||| UPGRADING to +1 plate armour of Dithmenos,
                  | Hammering {Int+4 Dex+4}.
  3814 | D:4      | 3814 ||| DROPPING +0 plate armour.
  3815 | D:4      | 3815 ||| UPGRADING to amulet of regeneration.
  3820 | D:4      | 3820 ||| READING scroll labelled FUNETO WANE.
  3821 | D:4      | 3821 ||| DRINKING 2 fizzy inky potions.
  3868 | D:4      | 3868 ||| DRINKING 2 grey potions.
  3869 | D:4      | 3869 ||| READING 4 scrolls of identify.
  3869 | D:4      | 3869 ||| IDENTIFYING fizzy coppery potion
  3870 | D:4      | 3870 ||| READING 3 scrolls of identify.
  3870 | D:4      | 3870 ||| IDENTIFYING lumpy silvery potion
  3871 | D:4      | 3871 ||| READING 2 scrolls of identify.
  3871 | D:4      | 3871 ||| IDENTIFYING fizzy black potion
  3872 | D:4      | 3872 ||| DROPPING potion of degeneration.
  3873 | D:4      | 3873 ||| DROPPING potion of flight.
  3901 | D:5      | Entered Level 5 of the Dungeon
  3901 | D:5      | Found Kekhofinirr's Distillery.
  3918 | D:5      | 3918 ||| BUYING 2 potions of heal wounds (150 gold).
  3918 | D:5      | Bought 2 potions of heal wounds for 150 gold pieces
  3918 | D:5      | 3918 ||| SHOPLISTING potion of cancellation (120 gold, have
                  | 31).
  3918 | D:5      | 3918 ||| SHOPLISTING potion of curing (45 gold, have 31).
  3918 | D:5      | 3918 ||| SHOPLISTING potion of heal wounds (75 gold, have
                  | 31).
  3918 | D:5      | 3918 ||| SHOPLISTING potion of might (60 gold, have 31).
  3940 | D:5      | Reached skill level 1 in Dodging
  3946 | D:5      | Reached skill level 1 in Invocations
  3976 | D:5      | 3976 ||| Stepping ~*~*~tactically~*~*~ (hiding).
  3978 | D:5      | 3978 ||| Stepping ~*~*~tactically~*~*~ (hiding).
  3981 | D:5      | 3981 ||| Stepping ~*~*~tactically~*~*~ (hiding).
  4011 | D:5      | 4011 ||| INVOKING Heroism.
  4049 | D:5      | 4049 ||| INVOKING Heroism.
  4051 | D:5      | Reached XP level 7. HP: 43/43 MP: 5/8
  4060 | D:5      | 4060 ||| Stepping ~*~*~tactically~*~*~ (stealth).
  4091 | D:5      | 4091 ||| INVOKING Heroism.
  4115 | D:5      | Found Osigew's Book Boutique.
  4171 | D:5      | 4171 ||| INVOKING Heroism.
  4176 | D:5      | Reached skill level 1 in Throwing
  4176 | D:5      | Reached skill level 3 in Invocations
  4231 | D:5      | Reached skill level 6 in Axes
  4273 | D:5      | Found a shimmering blue altar of Sif Muna.
  4280 | D:5      | 4280 ||| DRINKING potion of curing.
  4280 | D:5      | 4280 ||| (to cure confusion)
  4362 | D:5      | Identified the +2 robe of Salvation {rF+ rCorr Str-3 Dex+2}
  4451 | D:5      | 4451 ||| READING scroll labelled AGUUSORUAS.
  4452 | D:5      | 4452 ||| READING scroll labelled ESTUXA ICKIH.
  4453 | D:5      | 4453 ||| READING 5 scrolls of identify.
  4453 | D:5      | 4453 ||| IDENTIFYING sapphire potion
  4454 | D:5      | 4454 ||| DROPPING potion of invisibility.
  4485 | D:6      | Noticed a troll
  4486 | D:6      | 4486 ||| INVOKING Heroism.
  4494 | D:6      | Killed a troll
  4494 | D:6      | Reached ** piety under Okawaru
  4495 | D:6      | Reached XP level 8. HP: 42/48 MP: 8/11
  4711 | D:6      | Found a sacrificial altar of Ru.
  4772 | D:6      | 4772 ||| INVOKING Heroism.
  4807 | D:6      | 4807 ||| Stepping ~*~*~tactically~*~*~ (water).
  4882 | D:6      | 4882 ||| INVOKING Heroism.
  4933 | D:6      | 4933 ||| Stepping ~*~*~tactically~*~*~ (stealth).
  4951 | D:6      | Identified the +8 triple crossbow of Experimentation {elec,
                  | Fly Will+ Dex+3}
  4985 | D:6      | 4985 ||| INVOKING Heroism.
  5068 | D:6      | 5068 ||| INVOKING Heroism.
  5087 | D:6      | Reached *** piety under Okawaru
  5091 | D:6      | Found a runed translucent gate.
  5091 | D:6      | Found a runed translucent gate.
  5091 | D:6      | Found a runed translucent gate.
  5092 | D:6      | Noticed qw's ghost (novice GrFi)
  5103 | D:6      | 5103 ||| INVOKING Heroism.
  5136 | D:6      | Reached XP level 9. HP: 54/54 MP: 12/12
  5167 | D:6      | Found a shimmering altar of Xom.
  5648 | D:6      | 5648 ||| UPGRADING to +0 pair of boots.
  5653 | D:6      | 5653 ||| DROPPING ring of magical power.
  5654 | D:6      | 5654 ||| READING scroll labelled WUNKOR DUIV.
  5665 | D:6      | 5665 ||| READING scroll labelled CET VAGIYDU.
  5666 | D:6      | 5666 ||| READING scroll labelled GENGIXZ XYME.
  5686 | D:7      | Found a snail-covered altar of Cheibriados.
  5714 | D:7      | 5714 ||| Stepping ~*~*~tactically~*~*~ (stealth).
  5726 | D:7      | 5726 ||| Stepping ~*~*~tactically~*~*~ (stealth).
  5753 | D:7      | 5753 ||| READING scroll of enchant weapon.
  5753 | D:7      | 5753 ||| ENCHANTING +1 war axe.
  5960 | D:7      | 5960 ||| Stepping ~*~*~tactically~*~*~ (hiding).
  6051 | D:7      | 6051 ||| READING scroll of enchant weapon.
  6051 | D:7      | 6051 ||| ENCHANTING +2 war axe.
  6455 | D:7      | 6455 ||| UPGRADING to +0 helmet.
  6460 | D:7      | 6460 ||| READING 6 scrolls of identify.
  6460 | D:7      | 6460 ||| IDENTIFYING coppery potion
  6461 | D:7      | 6461 ||| DROPPING potion of brilliance.
  6484 | D:8      | 6484 ||| INVOKING Heroism.
  6486 | D:8      | 6486 ||| STAIRDANCE
  6493 | D:7      | Reached skill level 6 in Fighting
  6501 | D:8      | 6501 ||| STAIRDANCE
  6705 | D:8      | Found a basalt altar of Yredelemnul.
  6743 | D:8      | 6743 ||| INVOKING Heroism.
  6745 | D:8      | 6745 ||| Stepping ~*~*~tactically~*~*~ (hiding).
  6749 | D:8      | 6749 ||| DRINKING potion of curing.
  6749 | D:8      | 6749 ||| (to cure confusion)
  6751 | D:8      | Reached skill level 9 in Axes
  6770 | D:8      | 6770 ||| Stepping ~*~*~tactically~*~*~ (stealth).
  6779 | D:8      | 6779 ||| INVOKING Heroism.
  6783 | D:8      | Reached **** piety under Okawaru
  6784 | D:8      | Reached skill level 6 in Armour
  6841 | D:8      | 6841 ||| INVOKING Heroism.
  6843 | D:8      | 6843 ||| Stepping ~*~*~tactically~*~*~ (stealth).
  6882 | D:8      | 6882 ||| INVOKING Heroism.
  6916 | D:8      | Found a radiant altar of Vehumet.
  7024 | D:8      | 7024 ||| INVOKING Heroism.
  7030 | D:8      | Reached skill level 3 in Throwing
  7030 | D:8      | Reached XP level 10. HP: 61/61 MP: 11/14
  7083 | D:8      | Found a glowing golden altar of the Shining One.
  7118 | D:8      | 7118 ||| Stepping ~*~*~tactically~*~*~ (stealth).
  7120 | D:8      | 7120 ||| Stepping ~*~*~tactically~*~*~ (hiding).
  7131 | D:8      | 7131 ||| Stepping ~*~*~tactically~*~*~ (stealth).
  7133 | D:8      | 7133 ||| Stepping ~*~*~tactically~*~*~ (hiding).
  7142 | D:8      | 7142 ||| INVOKING Heroism.
  7235 | D:8      | Found a white marble altar of Elyvilon.
  7330 | D:8      | Found a burning altar of Makhleb.
  7367 | D:8      | 7367 ||| READING scroll labelled UNAUSI EMUHORY.
  7368 | D:8      | 7368 ||| DROPPING +2 hand axe of holy wrath.
  7369 | D:8      | 7369 ||| READING scroll labelled MIFEDU WOCO.
  7369 | D:8      | Identified a scroll of acquirement
  7369 | D:8      | 7369 ||| ACQUIRING ring of the Building Gods {rC+ AC+4
                  | Slay+6}
  7369 | D:8      | Acquired the ring of the Building Gods {rC+ AC+4 Slay+6}
  7371 | D:8      | 7371 ||| UPGRADING to ring of the Building Gods {rC+ AC+4
                  | Slay+6}.
  7372 | D:8      | 7372 ||| DROPPING ring of ice.
  7426 | D:9      | Noticed a wizard
  7428 | D:9      | 7428 ||| Stepping ~*~*~tactically~*~*~ (stealth).
  7431 | Abyss:2  | Cast into level 2 of the Abyss (a wizard)
  7459 | Abyss:2  | Found a hazy altar of Hepliaklqana.
  7464 | Abyss:2  | Noticed an orange demon
  7465 | Abyss:2  | 7465 ||| Stepping ~*~*~tactically~*~*~ (hiding).
  7476 | Abyss:2  | Killed an orange demon
  7477 | Abyss:2  | Reached skill level 6 in Invocations
  7488 | Abyss:2  | 7488 ||| Stepping ~*~*~tactically~*~*~ (stealth).
  7495 | Abyss:2  | Noticed a starcursed mass
  7499 | Abyss:2  | 7499 ||| INVOKING Heroism.
  7511 | Abyss:2  | Killed a starcursed mass
  7514 | Abyss:2  | Noticed a tentacled starspawn
  7515 | Abyss:2  | 7515 ||| Stepping ~*~*~tactically~*~*~ (stealth).
  7517 | Abyss:2  | 7517 ||| Stepping ~*~*~tactically~*~*~ (stealth).
  7519 | Abyss:2  | Noticed a glowing orange brain
  7525 | Abyss:2  | Killed a tentacled starspawn
  7525 | Abyss:2  | Reached ***** piety under Okawaru
  7528 | D:9      | Escaped the Abyss
  7528 | D:9      | Noticed a gargoyle
  7531 | D:9      | Killed a wizard
  7531 | D:9      | Received a gift from Okawaru
  7533 | D:9      | 7533 ||| Stepping ~*~*~tactically~*~*~ (stealth).
  7535 | D:9      | 7535 ||| INVOKING Heroism.
  7536 | D:9      | Killed a gargoyle
  7536 | D:9      | Received a gift from Okawaru
  7546 | D:9      | Reached XP level 11. HP: 55/67 MP: 15/17
  7565 | D:9      | Noticed a centaur warrior
  7566 | D:9      | 7566 ||| Stepping ~*~*~tactically~*~*~ (stealth).
  7567 | D:9      | 7567 ||| Stepping ~*~*~tactically~*~*~ (stealth).
  7575 | D:9      | Killed a centaur warrior
  7576 | D:9      | Reached skill level 9 in Invocations
  7630 | D:9      | Found a sparkling altar of Nemelex Xobeh.
  7633 | D:9      | 7633 ||| Stepping ~*~*~tactically~*~*~ (hiding).
  7634 | D:9      | 7634 ||| Stepping ~*~*~tactically~*~*~ (hiding).
  7739 | D:9      | Found a staircase to the Lair.
  7815 | D:9      | 7815 ||| INVOKING Heroism.
  7818 | D:9      | Received a gift from Okawaru
  7825 | D:9      | Noticed Amaemon
  7829 | D:9      | Received a gift from Okawaru
  7837 | D:9      | Killed Amaemon
  7871 | D:9      | 7871 ||| DROPPING +0 morningstar.
  8012 | D:9      | 8012 ||| Stepping ~*~*~tactically~*~*~ (hiding).
  8138 | D:9      | 8138 ||| Stepping ~*~*~tactically~*~*~ (hiding).
  8139 | D:9      | 8139 ||| Stepping ~*~*~tactically~*~*~ (hiding).
  8216 | D:9      | 8216 ||| Stepping ~*~*~tactically~*~*~ (stealth).
  8237 | D:9      | Noticed a two-headed ogre
  8238 | D:9      | 8238 ||| INVOKING Heroism.
  8243 | D:9      | Killed a two-headed ogre
  8243 | D:9      | Identified the +0 pair of gloves of the Dungeon {rPois rC+
                  | Int+3} (Okawaru gifted it to you on level 9 of the Dungeon)
  8243 | D:9      | Received a gift from Okawaru
  8253 | D:9      | Found a glowing silver altar of Zin.
  8454 | D:9      | Found an ornate altar of the Wu Jian Council.
  8457 | D:9      | Found a broken altar of Ashenzari.
  8480 | D:9      | 8480 ||| PLANNING LAIR
  8480 | D:9      | 8480 ||| UPGRADING to +0 pair of gloves of the Dungeon
                  | {rPois rC+ Int+3}.
  8485 | D:9      | 8485 ||| UPGRADING to +0 kite shield.
  8495 | D:9      | 8495 ||| DROPPING +0 buckler.
  8496 | D:9      | 8496 ||| READING 2 scrolls labelled IBIFOHUUSO.
  8500 | D:9      | 8500 ||| READING 5 scrolls of identify.
  8500 | D:9      | 8500 ||| IDENTIFYING murky sapphire potion
  8550 | Lair:1   | Entered Level 1 of the Lair of Beasts
  8599 | Lair:1   | 8599 ||| INVOKING Heroism.
  8661 | Lair:1   | 8661 ||| INVOKING Heroism.
  8664 | Lair:1   | Reached skill level 6 in Shields
  8760 | Lair:1   | 8760 ||| Stepping ~*~*~tactically~*~*~ (stealth).
  8763 | Lair:1   | 8763 ||| Stepping ~*~*~tactically~*~*~ (stealth).
  8790 | Lair:1   | 8790 ||| INVOKING Heroism.
  8795 | Lair:1   | Reached XP level 12. HP: 73/73 MP: 16/19
  8892 | Lair:1   | 8892 ||| INVOKING Heroism.
  9332 | Lair:2   | 9332 ||| INVOKING Heroism.
  9357 | Lair:2   | Reached skill level 9 in Shields
  9357 | Lair:2   | 9357 ||| Stepping ~*~*~tactically~*~*~ (stealth).
  9364 | Lair:2   | 9364 ||| Stepping ~*~*~tactically~*~*~ (hiding).
  9477 | Lair:2   | 9477 ||| INVOKING Heroism.
  9632 | Lair:2   | Noticed a six-headed hydra
  9634 | Lair:2   | 9634 ||| INVOKING Heroism.
  9635 | Lair:2   | 9635 ||| SWAPPING to -1 demon whip of venom.
  9636 | Lair:2   | 9636 ||| INVOKING Finesse.
  9640 | Lair:2   | Killed a six-headed hydra
  9641 | Lair:2   | 9641 ||| SWAPPING to +3 war axe of electrocution.
  9745 | Lair:2   | 9745 ||| READING scroll of enchant weapon.
  9745 | Lair:2   | 9745 ||| ENCHANTING +3 war axe of electrocution.
 10042 | Lair:2   | 10042 ||| DRINKING 2 clear potions.
 10043 | Lair:2   | 10043 ||| READING 5 scrolls of identify.
 10043 | Lair:2   | 10043 ||| IDENTIFYING murky puce potion
 10058 | Lair:3   | Found a staircase to the Swamp.
 10151 | Lair:3   | 10151 ||| INVOKING Heroism.
 10211 | Lair:3   | 10211 ||| Stepping ~*~*~tactically~*~*~ (stealth).
 10213 | Lair:3   | 10213 ||| Stepping ~*~*~tactically~*~*~ (stealth).
 10214 | Lair:3   | 10214 ||| Stepping ~*~*~tactically~*~*~ (stealth).
 10216 | Lair:3   | 10216 ||| Stepping ~*~*~tactically~*~*~ (stealth).
 10225 | Lair:3   | 10225 ||| INVOKING Heroism.
 10249 | Lair:3   | 10249 ||| Stepping ~*~*~tactically~*~*~ (stealth).
 10250 | Lair:3   | 10250 ||| Stepping ~*~*~tactically~*~*~ (stealth).
 10257 | Lair:3   | 10257 ||| Stepping ~*~*~tactically~*~*~ (stealth).
 10260 | Lair:3   | Identified the +3 chain mail of Baunihye {rElec Str+4}
                  | (Okawaru gifted it to you on level 3 of the Lair of Beasts)
 10260 | Lair:3   | Received a gift from Okawaru
 10267 | Lair:3   | 10267 ||| INVOKING Heroism.
 10271 | Lair:3   | Reached skill level 9 in Fighting
 10277 | Lair:3   | 10277 ||| Stepping ~*~*~tactically~*~*~ (stealth).
 10278 | Lair:3   | 10278 ||| Stepping ~*~*~tactically~*~*~ (stealth).
 10348 | Lair:3   | 10348 ||| Stepping ~*~*~tactically~*~*~ (hiding).
 10349 | Lair:3   | 10349 ||| Stepping ~*~*~tactically~*~*~ (hiding).
 10382 | Lair:3   | Reached skill level 9 in Armour
 10474 | Lair:3   | 10474 ||| Stepping ~*~*~tactically~*~*~ (stealth).
 10476 | Lair:3   | Found a staircase to the Snake Pit.
 10477 | Lair:3   | 10477 ||| Stepping ~*~*~tactically~*~*~ (hiding).
 10478 | Lair:3   | 10478 ||| Stepping ~*~*~tactically~*~*~ (hiding).
 10598 | Lair:3   | 10598 ||| Stepping ~*~*~tactically~*~*~ (stealth).
 10992 | Lair:3   | 10992 ||| DROPPING +3 chain mail of Baunihye {rElec Str+4}.
 10993 | Lair:3   | 10993 ||| READING 4 scrolls of identify.
 10993 | Lair:3   | 10993 ||| IDENTIFYING smoky emerald potion
 11015 | Lair:4   | Noticed Nessos
 11016 | Lair:4   | 11016 ||| INVOKING Finesse.
 11025 | Lair:4   | 11025 ||| INVOKING Heroism.
 11044 | Lair:4   | HP: 10/76 [Nessos/arrow (14)]
 11045 | Lair:4   | 11045 ||| READING scroll of teleportation.
 11046 | Lair:4   | 11046 ||| DRINKING 4 potions of heal wounds.
 11048 | Lair:4   | 11048 ||| Stepping ~*~*~tactically~*~*~ (stealth).
 11121 | Lair:4   | Noticed a six-headed hydra
 11122 | Lair:4   | 11122 ||| INVOKING Heroism.
 11123 | Lair:4   | 11123 ||| INVOKING Finesse.
 11125 | Lair:4   | 11125 ||| SWAPPING to -1 demon whip of venom.
 11131 | Lair:4   | Killed a six-headed hydra
 11132 | Lair:4   | Reached skill level 12 in Axes
 11132 | Lair:4   | Reached XP level 13. HP: 70/80 MP: 13/20
 11132 | Lair:4   | 11132 ||| SWAPPING to +4 war axe of electrocution.
 11207 | Lair:4   | 11207 ||| READING scroll of enchant weapon.
 11207 | Lair:4   | 11207 ||| ENCHANTING +4 war axe of electrocution.
 11441 | Lair:4   | 11441 ||| INVOKING Heroism.
 11442 | Lair:4   | 11442 ||| INVOKING Finesse.
 11500 | Lair:4   | 11500 ||| INVOKING Finesse.
 11507 | Lair:4   | Killed Nessos
 11951 | Lair:4   | 11951 ||| INVOKING Heroism.
 12055 | Lair:5   | Entered Level 5 of the Lair of Beasts
 12064 | Lair:5   | Found a staircase to the Slime Pits.
 12066 | Lair:5   | 12066 ||| INVOKING Heroism.
 12099 | Lair:5   | 12099 ||| Stepping ~*~*~tactically~*~*~ (hiding).
 12102 | Lair:5   | 12102 ||| INVOKING Heroism.
 12158 | Lair:5   | 12158 ||| Stepping ~*~*~tactically~*~*~ (stealth).
 12159 | Lair:5   | 12159 ||| INVOKING Heroism.
 12160 | Lair:5   | 12160 ||| INVOKING Finesse.
 12161 | Lair:5   | 12161 ||| Stepping ~*~*~tactically~*~*~ (stealth).
 12162 | Lair:5   | 12162 ||| Stepping ~*~*~tactically~*~*~ (stealth).
 12163 | Lair:5   | 12163 ||| Stepping ~*~*~tactically~*~*~ (stealth).
 12164 | Lair:5   | 12164 ||| Stepping ~*~*~tactically~*~*~ (stealth).
 12217 | Lair:5   | Received a gift from Okawaru
 12227 | Lair:5   | 12227 ||| Stepping ~*~*~tactically~*~*~ (hiding).
 12229 | Lair:5   | 12229 ||| INVOKING Heroism.
 12231 | Lair:5   | 12231 ||| INVOKING Finesse.
 12286 | Lair:5   | 12286 ||| Stepping ~*~*~tactically~*~*~ (hiding).
 12288 | Lair:5   | 12288 ||| INVOKING Heroism.
 12293 | Lair:5   | Received a gift from Okawaru
 12293 | Lair:5   | Noticed a dire elephant
 12302 | Lair:5   | 12302 ||| INVOKING Finesse.
 12303 | Lair:5   | Killed a dire elephant
 12310 | Lair:5   | Received a gift from Okawaru
 12344 | Lair:5   | Identified the +1 scale mail of Fun {rElec Int+4}
 12409 | Lair:5   | 12409 ||| INVOKING Heroism.
 12438 | Lair:5   | 12438 ||| INVOKING Heroism.
 12477 | Lair:5   | 12477 ||| INVOKING Heroism.
 12539 | Lair:5   | 12539 ||| Stepping ~*~*~tactically~*~*~ (hiding).
 12540 | Lair:5   | 12540 ||| Stepping ~*~*~tactically~*~*~ (hiding).
 12555 | Lair:5   | 12555 ||| INVOKING Heroism.
 12571 | Lair:5   | Reached skill level 3 in Dodging
 12613 | Lair:5   | 12613 ||| Stepping ~*~*~tactically~*~*~ (stealth).
 12614 | Lair:5   | 12614 ||| INVOKING Heroism.
 12615 | Lair:5   | 12615 ||| INVOKING Finesse.
 12621 | Lair:5   | Gained mutation: Your large and strong wings let you fly.
                  | [Gargoyle growth]
 12621 | Lair:5   | Reached XP level 14. HP: 88/88 MP: 13/21
 12629 | Lair:5   | Received a gift from Okawaru
 12817 | Lair:5   | 12817 ||| INVOKING Heroism.
 12832 | Lair:5   | 12832 ||| Stepping ~*~*~tactically~*~*~ (stealth).
 12834 | Lair:5   | 12834 ||| Stepping ~*~*~tactically~*~*~ (hiding).
 12847 | Lair:5   | 12847 ||| Stepping ~*~*~tactically~*~*~ (hiding).
 12863 | Lair:5   | 12863 ||| Stepping ~*~*~tactically~*~*~ (stealth).
 12870 | Lair:5   | 12870 ||| INVOKING Heroism.
 12912 | Lair:5   | 12912 ||| Stepping ~*~*~tactically~*~*~ (stealth).
 12913 | Lair:5   | 12913 ||| Stepping ~*~*~tactically~*~*~ (hiding).
 12929 | Lair:5   | 12929 ||| Stepping ~*~*~tactically~*~*~ (stealth).
 12974 | Lair:5   | 12974 ||| Stepping ~*~*~tactically~*~*~ (stealth).
 12980 | Lair:5   | 12980 ||| INVOKING Heroism.
 13036 | Lair:5   | 13036 ||| Stepping ~*~*~tactically~*~*~ (hiding).
 13043 | Lair:5   | 13043 ||| INVOKING Heroism.
 13436 | Lair:5   | 13436 ||| PLANNING D:1-11
 13436 | Lair:5   | 13436 ||| DROPPING amulet of magic regeneration.
 13437 | Lair:5   | 13437 ||| READING 8 scrolls of identify.
 13437 | Lair:5   | 13437 ||| IDENTIFYING bubbling amethyst potion
 13438 | Lair:5   | 13438 ||| DROPPING potion of berserk rage.
 13554 | D:10     | Entered Level 10 of the Dungeon
 13559 | D:10     | 13559 ||| Stepping ~*~*~tactically~*~*~ (stealth).
 13559 | D:10     | Noticed Snorg
 13560 | D:10     | 13560 ||| INVOKING Heroism.
 13562 | D:10     | 13562 ||| INVOKING Finesse.
 13621 | D:10     | 13621 ||| Stepping ~*~*~tactically~*~*~ (stealth).
 13624 | D:10     | 13624 ||| Stepping ~*~*~tactically~*~*~ (stealth).
 13628 | D:10     | 13628 ||| Stepping ~*~*~tactically~*~*~ (stealth).
 13655 | D:10     | 13655 ||| Stepping ~*~*~tactically~*~*~ (stealth).
 13656 | D:10     | 13656 ||| Stepping ~*~*~tactically~*~*~ (stealth).
 13661 | D:10     | 13661 ||| Stepping ~*~*~tactically~*~*~ (stealth).
 13662 | D:10     | 13662 ||| Stepping ~*~*~tactically~*~*~ (stealth).
 13663 | D:10     | 13663 ||| Stepping ~*~*~tactically~*~*~ (stealth).
 13664 | D:10     | 13664 ||| Stepping ~*~*~tactically~*~*~ (stealth).
 13665 | D:10     | 13665 ||| Stepping ~*~*~tactically~*~*~ (stealth).
 13698 | D:10     | Found a shadowy altar of Dithmenos.
 13789 | D:10     | 13789 ||| Stepping ~*~*~tactically~*~*~ (stealth).
 13791 | D:10     | 13791 ||| Stepping ~*~*~tactically~*~*~ (stealth).
 13792 | D:10     | 13792 ||| Stepping ~*~*~tactically~*~*~ (stealth).
 13839 | D:10     | 13839 ||| FLEEEEING.
 13845 | D:10     | 13845 ||| FLEEEEING.
 13846 | D:10     | 13846 ||| FLEEEEING.
 13847 | D:10     | 13847 ||| FLEEEEING.
 13848 | D:10     | 13848 ||| FLEEEEING.
 13849 | D:10     | 13849 ||| FLEEEEING.
 13850 | D:10     | 13850 ||| FLEEEEING.
 13851 | D:10     | 13851 ||| FLEEEEING.
 13852 | D:10     | 13852 ||| FLEEEEING.
 13853 | D:10     | 13853 ||| FLEEEEING.
 13856 | D:10     | 13856 ||| STAIRDANCE
 13868 | D:9      | 13868 ||| DROPPING +6 ring of strength.
 13869 | D:9      | 13869 ||| READING 7 scrolls of identify.
 13869 | D:9      | 13869 ||| IDENTIFYING fuming red potion
 13870 | D:9      | 13870 ||| DROPPING potion of ambrosia.
 13874 | D:10     | 13874 ||| FLEEEEING.
 13875 | D:10     | 13875 ||| STAIRDANCE
 13981 | D:10     | 13981 ||| STAIRDANCE
 14098 | D:10     | 14098 ||| FLEEEEING.
 14099 | D:10     | 14099 ||| FLEEEEING.
 14100 | D:10     | 14100 ||| STAIRDANCE
 14204 | D:10     | 14204 ||| INVOKING Heroism.
 14205 | D:10     | 14205 ||| INVOKING Finesse.
 14214 | D:10     | Killed Snorg
 14326 | D:10     | 14326 ||| Stepping ~*~*~tactically~*~*~ (hiding).
 14554 | D:10     | 14554 ||| INVOKING Heroism.
 14609 | D:10     | 14609 ||| DROPPING +2 robe of Salvation {rF+ rCorr Str-3
                  | Dex+2}.
 14610 | D:10     | 14610 ||| READING scroll labelled HOMIUM ICHU.
 14624 | D:11     | 14624 ||| STAIRDANCE
 14645 | D:11     | 14645 ||| Stepping ~*~*~tactically~*~*~ (stealth).
 14667 | D:11     | 14667 ||| Stepping ~*~*~tactically~*~*~ (stealth).
 14672 | D:11     | 14672 ||| Stepping ~*~*~tactically~*~*~ (hiding).
 15095 | D:11     | Identified the +6 hand axe of Timmyil {drain, rPois Dex+4}
 15346 | D:11     | 15346 ||| READING scroll of acquirement.
 15346 | D:11     | 15346 ||| ACQUIRING 1278 gold pieces
 15346 | D:11     | Acquired 1278 gold pieces
 15359 | D:11     | 15359 ||| PLANNING D
 15389 | D:12     | 15389 ||| Stepping ~*~*~tactically~*~*~ (stealth).
 15393 | D:12     | Reached skill level 12 in Shields
 15431 | D:12     | 15431 ||| Stepping ~*~*~tactically~*~*~ (stealth).
 15432 | D:12     | 15432 ||| Stepping ~*~*~tactically~*~*~ (stealth).
 15435 | D:12     | 15435 ||| INVOKING Heroism.
 15475 | D:12     | Noticed Nergalle
 15481 | D:12     | Killed Nergalle
 15534 | D:12     | 15534 ||| Stepping ~*~*~tactically~*~*~ (stealth).
 15541 | D:12     | Identified the +7 plate armour "Enask" {Regen+ Dex+6}
                  | (Okawaru gifted it to you on level 12 of the Dungeon)
 15541 | D:12     | Received a gift from Okawaru
 15560 | D:12     | 15560 ||| READING scroll of enchant weapon.
 15560 | D:12     | 15560 ||| ENCHANTING +5 war axe of electrocution.
 15627 | D:12     | Noticed Maurice
 15630 | D:12     | 15630 ||| Stepping ~*~*~tactically~*~*~ (stealth).
 15634 | D:12     | 15634 ||| Stepping ~*~*~tactically~*~*~ (stealth).
 15638 | D:12     | Paralysed by something for 3 turns
 15642 | D:12     | 15642 ||| INVOKING Heroism.
 15648 | D:12     | Killed Maurice
 15732 | D:12     | Noticed Josephine
 15733 | D:12     | 15733 ||| Stepping ~*~*~tactically~*~*~ (hiding).
 15751 | D:12     | Noticed Kirke
 15752 | D:12     | 15752 ||| INVOKING Heroism.
 15753 | D:12     | 15753 ||| INVOKING Finesse.
 15760 | D:12     | Killed Kirke
 15761 | D:12     | Reached skill level 15 in Axes
 15761 | D:12     | Killed Josephine
 15839 | D:12     | 15839 ||| INVOKING Heroism.
 15840 | D:12     | 15840 ||| INVOKING Finesse.
 15854 | D:12     | Reached XP level 15. HP: 95/95 MP: 15/22
 16014 | D:12     | 16014 ||| Stepping ~*~*~tactically~*~*~ (hiding).
 16027 | D:12     | 16027 ||| Stepping ~*~*~tactically~*~*~ (stealth).
 16029 | D:12     | 16029 ||| FLEEEEING.
 16105 | D:12     | 16105 ||| Stepping ~*~*~tactically~*~*~ (stealth).
 16109 | D:12     | 16109 ||| Stepping ~*~*~tactically~*~*~ (stealth).
 16119 | D:12     | Found a staircase to the Orcish Mines.
 16267 | D:12     | 16267 ||| UPGRADING to +7 plate armour "Enask" {Regen+
                  | Dex+6}.
 16277 | D:12     | 16277 ||| DROPPING +1 plate armour of Dithmenos, Hammering
                  | {Int+4 Dex+4}.
 16339 | D:13     | 16339 ||| Stepping ~*~*~tactically~*~*~ (stealth).
 16340 | D:13     | 16340 ||| Stepping ~*~*~tactically~*~*~ (stealth).
 16362 | D:13     | Found Qarepoutu's Antique Armour Shoppe.
 16373 | D:13     | 16373 ||| BUYING +3 pair of mountain boots {steadfast, rC+}
                  | (1005 gold).
 16373 | D:13     | Bought the +3 pair of mountain boots {steadfast, rC+} for
                  | 1005 gold pieces
 16373 | D:13     | Found the +3 pair of mountain boots {steadfast, rC+}
 16373 | D:13     | 16373 ||| BUYING embroidered cloak (225 gold).
 16373 | D:13     | Bought an embroidered cloak for 225 gold pieces
 16398 | D:13     | 16398 ||| Stepping ~*~*~tactically~*~*~ (hiding).
 16399 | D:13     | 16399 ||| Stepping ~*~*~tactically~*~*~ (hiding).
 16400 | D:13     | 16400 ||| Stepping ~*~*~tactically~*~*~ (hiding).
 16407 | D:13     | Noticed Erolcha
 16408 | D:13     | 16408 ||| Stepping ~*~*~tactically~*~*~ (hiding).
 16410 | D:13     | 16410 ||| INVOKING Heroism.
 16412 | D:13     | 16412 ||| Stepping ~*~*~tactically~*~*~ (hiding).
 16413 | D:13     | 16413 ||| Stepping ~*~*~tactically~*~*~ (hiding).
 16424 | D:13     | Reached skill level 12 in Fighting
 16428 | D:13     | Killed Erolcha
 16502 | D:13     | Found a gate to the Vaults.
 16506 | D:13     | Reached skill level 12 in Armour
 16678 | D:13     | 16678 ||| INVOKING Heroism.
 16740 | D:13     | 16740 ||| INVOKING Heroism.
 16883 | D:13     | Noticed Urug
 16884 | D:13     | 16884 ||| INVOKING Heroism.
 16885 | D:13     | 16885 ||| INVOKING Finesse.
 16891 | D:13     | Killed Urug
 17089 | D:13     | 17089 ||| INVOKING Heroism.
 17252 | D:13     | 17252 ||| UPGRADING to +3 pair of mountain boots
                  | {steadfast, rC+}.
 17262 | D:13     | 17262 ||| DROPPING +0 pair of boots.
 17263 | D:13     | 17263 ||| UPGRADING to +1 cloak of poison resistance.
 17273 | D:13     | 17273 ||| DROPPING +0 cloak.
 17274 | D:13     | 17274 ||| UPGRADING to +2 kite shield.
 17284 | D:13     | 17284 ||| DROPPING +0 kite shield.
 17301 | D:14     | 17301 ||| STAIRDANCE
 17330 | D:14     | 17330 ||| Stepping ~*~*~tactically~*~*~ (stealth).
 17336 | D:14     | 17336 ||| Stepping ~*~*~tactically~*~*~ (stealth).
 17338 | D:14     | 17338 ||| Stepping ~*~*~tactically~*~*~ (stealth).
 17341 | D:14     | 17341 ||| Stepping ~*~*~tactically~*~*~ (hiding).
 17352 | D:14     | 17352 ||| FLEEEEING.
 17353 | D:14     | 17353 ||| FLEEEEING.
 17354 | D:14     | 17354 ||| FLEEEEING.
 17376 | D:14     | 17376 ||| READING scroll of enchant armour.
 17376 | D:14     | 17376 ||| ENCHANTING +0 helmet.
 17388 | D:14     | Identified the +4 shortbow of Zugefim {freeze, rF+ rC+
                  | Stlth+}
 17436 | D:14     | 17436 ||| INVOKING Heroism.
 17448 | D:14     | Received a gift from Okawaru
 17676 | D:14     | 17676 ||| Stepping ~*~*~tactically~*~*~ (hiding).
 17681 | D:14     | 17681 ||| INVOKING Heroism.
 17855 | D:15     | Entered Level 15 of the Dungeon
 18044 | D:15     | 18044 ||| Stepping ~*~*~tactically~*~*~ (hiding).
 18045 | D:15     | 18045 ||| Stepping ~*~*~tactically~*~*~ (hiding).
 18098 | D:15     | 18098 ||| Stepping ~*~*~tactically~*~*~ (stealth).
 18099 | D:15     | 18099 ||| Stepping ~*~*~tactically~*~*~ (stealth).
 18102 | D:15     | 18102 ||| Stepping ~*~*~tactically~*~*~ (hiding).
 18103 | D:15     | 18103 ||| INVOKING Heroism.
 18108 | D:15     | 18108 ||| Stepping ~*~*~tactically~*~*~ (hiding).
 18256 | D:15     | 18256 ||| Stepping ~*~*~tactically~*~*~ (stealth).
 18258 | D:15     | 18258 ||| INVOKING Heroism.
 18260 | D:15     | 18260 ||| Stepping ~*~*~tactically~*~*~ (stealth).
 18262 | D:15     | 18262 ||| Stepping ~*~*~tactically~*~*~ (stealth).
 18321 | D:15     | 18321 ||| Stepping ~*~*~tactically~*~*~ (hiding).
 18322 | D:15     | 18322 ||| Stepping ~*~*~tactically~*~*~ (hiding).
 18337 | D:15     | 18337 ||| INVOKING Heroism.
 18345 | D:15     | 18345 ||| Stepping ~*~*~tactically~*~*~ (hiding).
 18485 | D:15     | 18485 ||| FLEEEEING.
 18486 | D:15     | 18486 ||| FLEEEEING.
 18487 | D:15     | 18487 ||| FLEEEEING.
 18488 | D:15     | 18488 ||| FLEEEEING.
 18489 | D:15     | 18489 ||| FLEEEEING.
 18496 | D:15     | 18496 ||| FLEEEEING.
 18497 | D:15     | 18497 ||| FLEEEEING.
 18498 | D:15     | 18498 ||| FLEEEEING.
 18556 | D:15     | Noticed a fire giant
 18558 | D:15     | 18558 ||| Stepping ~*~*~tactically~*~*~ (stealth).
 18559 | D:15     | 18559 ||| Stepping ~*~*~tactically~*~*~ (stealth).
 18563 | D:15     | 18563 ||| Stepping ~*~*~tactically~*~*~ (stealth).
 18564 | D:15     | 18564 ||| INVOKING Heroism.
 18565 | D:15     | 18565 ||| INVOKING Finesse.
 18566 | D:15     | Found a staircase to the Depths.
 18577 | D:15     | Killed a fire giant
 18792 | D:15     | 18792 ||| PLANNING ORC
 18792 | D:15     | 18792 ||| READING 15 scrolls of identify.
 18792 | D:15     | 18792 ||| IDENTIFYING fizzy ruby potion
 18862 | Orc:1    | Entered Level 1 of the Orcish Mines
 18964 | Orc:2    | Entered Level 2 of the Orcish Mines
 18965 | Orc:2    | 18965 ||| STAIRDANCE
 19028 | Orc:2    | Found a staircase to the Elven Halls.
 19157 | Orc:2    | 19157 ||| Stepping ~*~*~tactically~*~*~ (hiding).
 19160 | Orc:2    | 19160 ||| Stepping ~*~*~tactically~*~*~ (hiding).
 19171 | Orc:2    | 19171 ||| INVOKING Heroism.
 19172 | Orc:2    | 19172 ||| Stepping ~*~*~tactically~*~*~ (stealth).
 19180 | Orc:2    | 19180 ||| Stepping ~*~*~tactically~*~*~ (stealth).
 19189 | Orc:2    | 19189 ||| Stepping ~*~*~tactically~*~*~ (hiding).
 19191 | Orc:2    | 19191 ||| Stepping ~*~*~tactically~*~*~ (hiding).
 19203 | Orc:2    | 19203 ||| Stepping ~*~*~tactically~*~*~ (hiding).
 19380 | Orc:2    | Found Ycoud's Assorted Antiques.
 19392 | Orc:2    | 19392 ||| BUYING shimmering turquoise ring (135 gold).
 19392 | Orc:2    | Bought a shimmering turquoise ring for 135 gold pieces
 19392 | Orc:2    | Identified the ring of Ustroob {Drain rElec Str+8 Int-4
                  | Dex+6} (You bought it in a shop on level 2 of the Orcish
                  | Mines)
 19498 | Orc:2    | 19498 ||| Stepping ~*~*~tactically~*~*~ (hiding).
 19503 | Orc:2    | 19503 ||| INVOKING Heroism.
 19511 | Orc:2    | Noticed an orc warlord
 19511 | Orc:2    | 19511 ||| INVOKING Finesse.
 19530 | Orc:2    | Reached XP level 16. HP: 103/103 MP: 18/23
 19535 | Orc:2    | Received a gift from Okawaru
 19609 | Orc:2    | 19609 ||| Stepping ~*~*~tactically~*~*~ (hiding).
 19610 | Orc:2    | 19610 ||| Stepping ~*~*~tactically~*~*~ (hiding).
 19735 | Orc:2    | 19735 ||| Stepping ~*~*~tactically~*~*~ (hiding).
 19738 | Orc:2    | 19738 ||| Stepping ~*~*~tactically~*~*~ (hiding).
 19819 | Orc:2    | 19819 ||| Stepping ~*~*~tactically~*~*~ (stealth).
 19821 | Orc:2    | 19821 ||| Stepping ~*~*~tactically~*~*~ (hiding).
 19837 | Orc:2    | 19837 ||| Stepping ~*~*~tactically~*~*~ (hiding).
 19845 | Orc:2    | 19845 ||| INVOKING Heroism.
 19894 | Orc:2    | 19894 ||| INVOKING Heroism.
 19926 | Orc:2    | Found Idiam's Antique Armour Shoppe.
 19935 | Orc:2    | 19935 ||| BUYING glowing helmet (225 gold).
 19935 | Orc:2    | Bought a glowing helmet for 225 gold pieces
 19935 | Orc:2    | 19935 ||| BUYING shiny helmet (225 gold).
 19935 | Orc:2    | Bought a shiny helmet for 225 gold pieces
 19976 | Orc:2    | 19976 ||| Stepping ~*~*~tactically~*~*~ (hiding).
 19982 | Orc:2    | 19982 ||| INVOKING Heroism.
 19987 | Orc:2    | Found Anapay's Distillery.
 20002 | Orc:2    | 20002 ||| BUYING 2 potions of haste (360 gold).
 20002 | Orc:2    | Bought 2 potions of haste for 360 gold pieces
 20002 | Orc:2    | 20002 ||| BUYING potion of heal wounds (90 gold).
 20002 | Orc:2    | Bought a potion of heal wounds for 90 gold pieces
 20002 | Orc:2    | 20002 ||| BUYING potion of heal wounds (90 gold).
 20002 | Orc:2    | Bought a potion of heal wounds for 90 gold pieces
 20002 | Orc:2    | 20002 ||| BUYING potion of heal wounds (90 gold).
 20002 | Orc:2    | Bought a potion of heal wounds for 90 gold pieces
 20002 | Orc:2    | 20002 ||| BUYING potion of might (72 gold).
 20002 | Orc:2    | Bought a potion of might for 72 gold pieces
 20002 | Orc:2    | 20002 ||| BUYING potion of mutation (144 gold).
 20002 | Orc:2    | Bought a potion of mutation for 144 gold pieces
 20094 | Orc:2    | 20094 ||| Stepping ~*~*~tactically~*~*~ (stealth).
 20103 | Orc:2    | 20103 ||| Stepping ~*~*~tactically~*~*~ (hiding).
 20104 | Orc:2    | 20104 ||| Stepping ~*~*~tactically~*~*~ (hiding).
 20106 | Orc:2    | 20106 ||| Stepping ~*~*~tactically~*~*~ (hiding).
 20120 | Orc:2    | 20120 ||| Stepping ~*~*~tactically~*~*~ (hiding).
 20121 | Orc:2    | 20121 ||| INVOKING Heroism.
 20122 | Orc:2    | 20122 ||| Stepping ~*~*~tactically~*~*~ (hiding).
 20123 | Orc:2    | 20123 ||| INVOKING Finesse.
 20145 | Orc:2    | 20145 ||| Stepping ~*~*~tactically~*~*~ (hiding).
 20151 | Orc:2    | 20151 ||| Stepping ~*~*~tactically~*~*~ (hiding).
 20152 | Orc:2    | 20152 ||| Stepping ~*~*~tactically~*~*~ (hiding).
 20207 | Orc:2    | 20207 ||| INVOKING Heroism.
 20208 | Orc:2    | Found Sihegig's Antique Weapon Shop.
 20223 | Orc:2    | Found Ehudoemy's Antique Armour Boutique.
 20230 | Orc:2    | 20230 ||| BUYING crystal war axe (238 gold).
 20230 | Orc:2    | Bought a crystal war axe for 238 gold pieces
 20230 | Orc:2    | Identified the +5 war axe "Ylliech" {freeze, Will+} (You
                  | bought it in a shop on level 2 of the Orcish Mines)
 20230 | Orc:2    | 20230 ||| DROPPING +5 war axe "Ylliech" {freeze, Will+}.
 20237 | Orc:2    | 20237 ||| BUYING runed cloak (225 gold).
 20237 | Orc:2    | Bought a runed cloak for 225 gold pieces
 20412 | Orc:2    | 20412 ||| Stepping ~*~*~tactically~*~*~ (hiding).
 20522 | Orc:2    | Found Fuam Ilu's Assorted Antiques.
 20592 | Orc:2    | 20592 ||| DROPPING +1 helmet of intelligence.
 20593 | Orc:2    | 20593 ||| UPGRADING to +0 helmet of see invisible.
 20603 | Orc:2    | 20603 ||| DROPPING +1 cloak.
 20604 | Orc:2    | 20604 ||| UPGRADING to ring of Ustroob {Drain rElec Str+8
                  | Int-4 Dex+6}.
 20606 | Orc:2    | 20606 ||| DROPPING ring of ice.
 20607 | Orc:2    | 20607 ||| DROPPING +4 ring of slaying {mikee}.
 20645 | Orc:1    | 20645 ||| INVOKING Heroism.
 20691 | Orc:1    | Found Byrphac's Weapon Emporium.
 20694 | Orc:1    | 20694 ||| INVOKING Heroism.
 20772 | Orc:1    | 20772 ||| Stepping ~*~*~tactically~*~*~ (hiding).
 20774 | Orc:1    | 20774 ||| INVOKING Heroism.
 20956 | Orc:1    | 20956 ||| PLANNING SWAMP:1-3
 21174 | Swamp:1  | Entered Level 1 of the Swamp
 21180 | Swamp:1  | 21180 ||| INVOKING Heroism.
 21204 | Swamp:1  | Noticed Aizul
 21205 | Swamp:1  | 21205 ||| INVOKING Heroism.
 21206 | Swamp:1  | 21206 ||| INVOKING Finesse.
 21220 | Swamp:1  | Killed Aizul
 21317 | Swamp:1  | 21317 ||| Stepping ~*~*~tactically~*~*~ (cloud).
 21319 | Swamp:1  | 21319 ||| Stepping ~*~*~tactically~*~*~ (stealth).
 21321 | Swamp:1  | 21321 ||| Stepping ~*~*~tactically~*~*~ (hiding).
 21323 | Swamp:1  | 21323 ||| INVOKING Heroism.
 21338 | Swamp:1  | 21338 ||| Stepping ~*~*~tactically~*~*~ (hiding).
 21339 | Swamp:1  | 21339 ||| Stepping ~*~*~tactically~*~*~ (hiding).
 21466 | Swamp:1  | Reached skill level 6 in Dodging
 21580 | Swamp:1  | Received a gift from Okawaru
 21611 | Swamp:1  | Noticed Jorgrun
 21612 | Swamp:1  | 21612 ||| Stepping ~*~*~tactically~*~*~ (hiding).
 21618 | Swamp:1  | 21618 ||| INVOKING Heroism.
 21619 | Swamp:1  | 21619 ||| INVOKING Finesse.
 21629 | Swamp:1  | Killed Jorgrun
 21678 | Swamp:1  | 21678 ||| READING scroll of enchant weapon.
 21678 | Swamp:1  | 21678 ||| ENCHANTING +6 war axe of electrocution.
 21691 | Swamp:1  | 21691 ||| INVOKING Heroism.
 21701 | Swamp:1  | Reached skill level 6 in Throwing
 21841 | Swamp:1  | 21841 ||| DROPPING amulet of guardian spirit.
 21881 | Swamp:2  | 21881 ||| Stepping ~*~*~tactically~*~*~ (hiding).
 22010 | Swamp:2  | 22010 ||| Stepping ~*~*~tactically~*~*~ (hiding).
 22012 | Swamp:2  | 22012 ||| INVOKING Heroism.
 22130 | Swamp:2  | 22130 ||| INVOKING Heroism.
 22140 | Swamp:2  | Received a gift from Okawaru
 22202 | Swamp:2  | 22202 ||| INVOKING Heroism.
 22251 | Swamp:2  | 22251 ||| Stepping ~*~*~tactically~*~*~ (stealth).
 22438 | Swamp:3  | 22438 ||| INVOKING Heroism.
 22439 | Swamp:3  | 22439 ||| SWAPPING to -1 demon whip of venom.
 22440 | Swamp:3  | 22440 ||| INVOKING Finesse.
 22446 | Swamp:3  | 22446 ||| SWAPPING to +7 war axe of electrocution.
 22500 | Swamp:3  | 22500 ||| DROPPING +0 morningstar of venom.
 22520 | Swamp:3  | 22520 ||| Stepping ~*~*~tactically~*~*~ (stealth).
 22522 | Swamp:3  | 22522 ||| INVOKING Heroism.
 22594 | Swamp:3  | 22594 ||| Stepping ~*~*~tactically~*~*~ (hiding).
 22596 | Swamp:3  | 22596 ||| INVOKING Heroism.
 22598 | Swamp:3  | 22598 ||| FLEEEEING.
 22730 | Swamp:3  | 22730 ||| Stepping ~*~*~tactically~*~*~ (hiding).
 22734 | Swamp:3  | 22734 ||| Stepping ~*~*~tactically~*~*~ (hiding).
 22781 | Swamp:3  | 22781 ||| INVOKING Heroism.
 22782 | Swamp:3  | 22782 ||| INVOKING Finesse.
 22783 | Swamp:3  | 22783 ||| SWAPPING to -1 demon whip of venom.
 22790 | Swamp:3  | 22790 ||| SWAPPING to +7 war axe of electrocution.
 23028 | Swamp:3  | 23028 ||| PLANNING SNAKE:1-3
 23126 | Snake:1  | Entered Level 1 of the Snake Pit
 23482 | Snake:1  | 23482 ||| Stepping ~*~*~tactically~*~*~ (hiding).
 23486 | Snake:1  | 23486 ||| INVOKING Heroism.
 23535 | Snake:1  | 23535 ||| Stepping ~*~*~tactically~*~*~ (hiding).
 23543 | Snake:1  | 23543 ||| INVOKING Heroism.
 23568 | Snake:1  | 23568 ||| Stepping ~*~*~tactically~*~*~ (hiding).
 23802 | Snake:1  | 23802 ||| Stepping ~*~*~tactically~*~*~ (hiding).
 23970 | Snake:1  | 23970 ||| READING scroll of enchant armour.
 23970 | Snake:1  | 23970 ||| ENCHANTING +0 helmet of see invisible.
 24059 | Snake:1  | 24059 ||| DROPPING +1 helmet.
 24060 | Snake:1  | 24060 ||| READING 2 scrolls labelled SIEXTU VAOBO.
 24061 | Snake:1  | 24061 ||| DROPPING scroll of fear.
 24092 | Snake:2  | 24092 ||| Stepping ~*~*~tactically~*~*~ (hiding).
 24223 | Snake:2  | 24223 ||| Stepping ~*~*~tactically~*~*~ (stealth).
 24232 | Snake:2  | 24232 ||| INVOKING Heroism.
 24279 | Snake:2  | 24279 ||| Stepping ~*~*~tactically~*~*~ (stealth).
 24281 | Snake:2  | 24281 ||| Stepping ~*~*~tactically~*~*~ (hiding).
 24292 | Snake:2  | 24292 ||| INVOKING Heroism.
 24305 | Snake:2  | 24305 ||| Stepping ~*~*~tactically~*~*~ (hiding).
 24325 | Snake:2  | Received a gift from Okawaru
 24326 | Snake:2  | Reached XP level 17. HP: 111/111 MP: 24/24
 24474 | Snake:2  | 24474 ||| INVOKING Heroism.
 24532 | Snake:2  | Received a gift from Okawaru
 24535 | Snake:2  | 24535 ||| SWAPPING to +0 broad axe of freezing.
 24536 | Snake:2  | 24536 ||| DROPPING +7 war axe of electrocution.
 24555 | Snake:2  | 24555 ||| Stepping ~*~*~tactically~*~*~ (stealth).
 24557 | Snake:2  | 24557 ||| Stepping ~*~*~tactically~*~*~ (hiding).
 24559 | Snake:2  | 24559 ||| Stepping ~*~*~tactically~*~*~ (hiding).
 24922 | Snake:3  | 24922 ||| INVOKING Heroism.
 25073 | Snake:3  | 25073 ||| INVOKING Heroism.
 25537 | Snake:3  | 25537 ||| Stepping ~*~*~tactically~*~*~ (hiding).
 25539 | Snake:3  | 25539 ||| Stepping ~*~*~tactically~*~*~ (hiding).
 25790 | Snake:3  | 25790 ||| PLANNING SWAMP:4
 25941 | Swamp:4  | Entered Level 4 of the Swamp
 25996 | Swamp:4  | 25996 ||| Stepping ~*~*~tactically~*~*~ (hiding).
 25997 | Swamp:4  | 25997 ||| Stepping ~*~*~tactically~*~*~ (hiding).
 26142 | Swamp:4  | 26142 ||| Stepping ~*~*~tactically~*~*~ (stealth).
 26144 | Swamp:4  | 26144 ||| Stepping ~*~*~tactically~*~*~ (stealth).
 26146 | Swamp:4  | 26146 ||| Stepping ~*~*~tactically~*~*~ (hiding).
 26255 | Swamp:4  | 26255 ||| INVOKING Heroism.
 26301 | Swamp:4  | 26301 ||| Stepping ~*~*~tactically~*~*~ (hiding).
 26302 | Swamp:4  | 26302 ||| Stepping ~*~*~tactically~*~*~ (hiding).
 26500 | Swamp:4  | 26500 ||| INVOKING Heroism.
 26507 | Swamp:4  | 26507 ||| Stepping ~*~*~tactically~*~*~ (hiding).
 26532 | Swamp:4  | 26532 ||| Stepping ~*~*~tactically~*~*~ (stealth).
 26536 | Swamp:4  | 26536 ||| FLEEEEING.
 26543 | Swamp:4  | 26543 ||| STAIRDANCE
 26654 | Swamp:4  | 26654 ||| Stepping ~*~*~tactically~*~*~ (stealth).
 26657 | Swamp:4  | 26657 ||| Stepping ~*~*~tactically~*~*~ (stealth).
 26686 | Swamp:4  | 26686 ||| Stepping ~*~*~tactically~*~*~ (stealth).
 26688 | Swamp:4  | 26688 ||| Stepping ~*~*~tactically~*~*~ (stealth).
 26692 | Swamp:4  | 26692 ||| INVOKING Heroism.
 26696 | Swamp:4  | Reached ****** piety under Okawaru
 26696 | Swamp:4  | Identified the +0 plate armour of the Falcon {Contam Str+4
                  | SInv} (Okawaru gifted it to you on level 4 of the Swamp)
 26696 | Swamp:4  | Received a gift from Okawaru
 26698 | Swamp:4  | 26698 ||| Stepping ~*~*~tactically~*~*~ (hiding).
 26704 | Swamp:4  | 26704 ||| SWAPPING to -1 demon whip of venom.
 26705 | Swamp:4  | 26705 ||| SWAPPING to +0 broad axe of freezing.
 26706 | Swamp:4  | 26706 ||| SWAPPING to -1 demon whip of venom.
 26707 | Swamp:4  | 26707 ||| Stepping ~*~*~tactically~*~*~ (outnumbered).
 26708 | Swamp:4  | 26708 ||| SWAPPING to +0 broad axe of freezing.
 26710 | Swamp:4  | 26710 ||| SWAPPING to -1 demon whip of venom.
 26711 | Swamp:4  | 26711 ||| Stepping ~*~*~tactically~*~*~ (outnumbered).
 26712 | Swamp:4  | 26712 ||| Stepping ~*~*~tactically~*~*~ (outnumbered).
 26713 | Swamp:4  | 26713 ||| Stepping ~*~*~tactically~*~*~ (outnumbered).
 26716 | Swamp:4  | 26716 ||| SWAPPING to +0 broad axe of freezing.
 26718 | Swamp:4  | 26718 ||| READING 5 scrolls of teleportation.
 26719 | Swamp:4  | 26719 ||| INVOKING Heroism.
 26754 | Swamp:4  | 26754 ||| Stepping ~*~*~tactically~*~*~ (stealth).
 26767 | Swamp:4  | 26767 ||| INVOKING Heroism.
 26775 | Swamp:4  | 26775 ||| SWAPPING to -1 demon whip of venom.
 26776 | Swamp:4  | 26776 ||| READING 4 scrolls of teleportation.
 26777 | Swamp:4  | 26777 ||| Stepping ~*~*~tactically~*~*~ (outnumbered).
 26778 | Swamp:4  | 26778 ||| SWAPPING to +0 broad axe of freezing.
 26876 | Swamp:4  | 26876 ||| Stepping ~*~*~tactically~*~*~ (stealth).
 26877 | Swamp:4  | 26877 ||| Stepping ~*~*~tactically~*~*~ (stealth).
 26878 | Swamp:4  | 26878 ||| INVOKING Heroism.
 26879 | Swamp:4  | 26879 ||| SWAPPING to -1 demon whip of venom.
 26880 | Swamp:4  | 26880 ||| Stepping ~*~*~tactically~*~*~ (outnumbered).
 26883 | Swamp:4  | 26883 ||| Stepping ~*~*~tactically~*~*~ (outnumbered).
 26884 | Swamp:4  | 26884 ||| Stepping ~*~*~tactically~*~*~ (outnumbered).
 26885 | Swamp:4  | 26885 ||| Stepping ~*~*~tactically~*~*~ (outnumbered).
 26887 | Swamp:4  | 26887 ||| Stepping ~*~*~tactically~*~*~ (outnumbered).
 26888 | Swamp:4  | 26888 ||| Stepping ~*~*~tactically~*~*~ (outnumbered).
 26889 | Swamp:4  | 26889 ||| Stepping ~*~*~tactically~*~*~ (hiding).
 26892 | Swamp:4  | 26892 ||| SWAPPING to +0 broad axe of freezing.
 26896 | Swamp:4  | 26896 ||| READING 3 scrolls of teleportation.
 26916 | Swamp:4  | 26916 ||| Stepping ~*~*~tactically~*~*~ (hiding).
 26971 | Swamp:4  | 26971 ||| Stepping ~*~*~tactically~*~*~ (stealth).
 26973 | Swamp:4  | 26973 ||| Stepping ~*~*~tactically~*~*~ (hiding).
 26996 | Swamp:4  | 26996 ||| INVOKING Heroism.
 27003 | Swamp:4  | 27003 ||| Stepping ~*~*~tactically~*~*~ (stealth).
 27005 | Swamp:4  | 27005 ||| Stepping ~*~*~tactically~*~*~ (stealth).
 27007 | Swamp:4  | 27007 ||| Stepping ~*~*~tactically~*~*~ (stealth).
 27011 | Swamp:4  | 27011 ||| Stepping ~*~*~tactically~*~*~ (stealth).
 27017 | Swamp:4  | 27017 ||| READING 2 scrolls of teleportation.
 27034 | Swamp:4  | 27034 ||| Stepping ~*~*~tactically~*~*~ (stealth).
 27036 | Swamp:4  | 27036 ||| Stepping ~*~*~tactically~*~*~ (hiding).
 27060 | Swamp:4  | 27060 ||| Stepping ~*~*~tactically~*~*~ (stealth).
 27061 | Swamp:4  | 27061 ||| Stepping ~*~*~tactically~*~*~ (stealth).
 27062 | Swamp:4  | 27062 ||| Stepping ~*~*~tactically~*~*~ (stealth).
 27063 | Swamp:4  | 27063 ||| Stepping ~*~*~tactically~*~*~ (stealth).
 27075 | Swamp:4  | 27075 ||| Stepping ~*~*~tactically~*~*~ (stealth).
 27106 | Swamp:4  | 27106 ||| Stepping ~*~*~tactically~*~*~ (hiding).
 27111 | Swamp:4  | 27111 ||| INVOKING Heroism.
 27113 | Swamp:4  | 27113 ||| SWAPPING to -1 demon whip of venom.
 27124 | Swamp:4  | 27124 ||| SWAPPING to +0 broad axe of freezing.
 27186 | Swamp:4  | Got a decaying rune of Zot
 27187 | Swamp:4  | 27187 ||| PLANNING VAULTS:1-4
 27220 | Swamp:4  | Reached skill level 18 in Axes
 27468 | Vaults:1 | Entered Level 1 of the Vaults
 27631 | Vaults:1 | 27631 ||| Stepping ~*~*~tactically~*~*~ (hiding).
 27847 | Vaults:1 | 27847 ||| Stepping ~*~*~tactically~*~*~ (hiding).
 27849 | Vaults:1 | 27849 ||| Stepping ~*~*~tactically~*~*~ (hiding).
 27851 | Vaults:1 | 27851 ||| Stepping ~*~*~tactically~*~*~ (hiding).
 27852 | Vaults:1 | 27852 ||| Stepping ~*~*~tactically~*~*~ (hiding).
 27939 | Vaults:1 | Noticed Zenata
 27940 | Vaults:1 | 27940 ||| INVOKING Heroism.
 27941 | Vaults:1 | 27941 ||| INVOKING Finesse.
 27952 | Vaults:1 | Killed Zenata
 27984 | Vaults:1 | 27984 ||| DROPPING -1 demon whip of venom.
 28203 | Vaults:1 | Noticed a sphinx
 28210 | Vaults:1 | 28210 ||| INVOKING Heroism.
 28212 | Vaults:1 | Killed a sphinx
 28221 | Vaults:1 | Reached XP level 18. HP: 79/118 MP: 25/25
 28232 | Vaults:1 | 28232 ||| INVOKING Heroism.
 28236 | Vaults:1 | Reached skill level 15 in Fighting
 28242 | Vaults:1 | HP: 10/119 [ironbound frostheart (24)]
 28243 | Vaults:1 | 28243 ||| READING scroll of teleportation.
 28244 | Vaults:1 | 28244 ||| DRINKING 15 potions of heal wounds.
 28371 | Vaults:1 | 28371 ||| DROPPING +4 eveningstar of draining.
 28414 | Vaults:1 | 28414 ||| INVOKING Heroism.
 28421 | Vaults:1 | 28421 ||| Stepping ~*~*~tactically~*~*~ (stealth).
 28427 | Vaults:1 | Received a gift from Okawaru
 28486 | Vaults:1 | 28486 ||| Stepping ~*~*~tactically~*~*~ (stealth).
 28975 | Vaults:1 | 28975 ||| UPGRADING to +0 tower shield.
 28985 | Vaults:1 | 28985 ||| DROPPING +2 kite shield.
 29008 | Vaults:2 | 29008 ||| Stepping ~*~*~tactically~*~*~ (stealth).
 29060 | Vaults:2 | 29060 ||| INVOKING Heroism.
 29080 | Vaults:2 | 29080 ||| INVOKING Finesse.
 29080 | Vaults:2 | Noticed Donald
 29098 | Vaults:2 | Reached skill level 15 in Shields
 29111 | Vaults:2 | HP: 27/119 [dire elephant (22)]
 29112 | Vaults:2 | 29112 ||| DRINKING 14 potions of heal wounds.
 29120 | Vaults:2 | 29120 ||| INVOKING Heroism.
 29122 | Vaults:2 | Killed Donald
 29126 | Vaults:2 | HP: 28/119 [ironbound frostheart/creeping frost (9)]
 29127 | Vaults:2 | 29127 ||| DRINKING 13 potions of heal wounds.
 29329 | Vaults:2 | 29329 ||| Stepping ~*~*~tactically~*~*~ (hiding).
 29333 | Vaults:2 | 29333 ||| INVOKING Heroism.
 29350 | Vaults:2 | Received a gift from Okawaru
 29373 | Vaults:2 | 29373 ||| Stepping ~*~*~tactically~*~*~ (hiding).
 29391 | Vaults:2 | 29391 ||| INVOKING Heroism.
 29459 | Vaults:2 | 29459 ||| INVOKING Heroism.
 29493 | Vaults:2 | 29493 ||| INVOKING Heroism.
 29494 | Vaults:2 | 29494 ||| INVOKING Finesse.
 29515 | Vaults:2 | 29515 ||| INVOKING Heroism.
 29725 | Vaults:2 | 29725 ||| INVOKING Heroism.
 29729 | Vaults:2 | Identified the +1 pair of boots "Hyrais" {Harm +Inv rPois
                  | Int-4} (Okawaru gifted it to you on level 2 of the Vaults)
 29729 | Vaults:2 | Received a gift from Okawaru
 29764 | Vaults:2 | 29764 ||| Stepping ~*~*~tactically~*~*~ (stealth).
 29794 | Vaults:2 | 29794 ||| Stepping ~*~*~tactically~*~*~ (hiding).
 29803 | Vaults:2 | 29803 ||| DRINKING 8 potions of curing.
 29803 | Vaults:2 | 29803 ||| (to cure confusion)
 29805 | Vaults:2 | 29805 ||| INVOKING Heroism.
 29902 | Vaults:2 | 29902 ||| Stepping ~*~*~tactically~*~*~ (hiding).
 29936 | Vaults:2 | 29936 ||| INVOKING Heroism.
 29944 | Vaults:2 | Reached skill level 18 in Shields
 29948 | Vaults:2 | Reached XP level 19. HP: 124/124 MP: 24/26
 29982 | Vaults:2 | 29982 ||| FLEEEEING.
 29983 | Vaults:2 | 29983 ||| FLEEEEING.
 29984 | Vaults:2 | 29984 ||| FLEEEEING.
 29986 | Vaults:2 | 29986 ||| Stepping ~*~*~tactically~*~*~ (hiding).
 29989 | Vaults:2 | 29989 ||| Stepping ~*~*~tactically~*~*~ (hiding).
 30165 | Vaults:2 | Noticed a bone dragon
 30201 | Vaults:2 | Killed a bone dragon
 30215 | Vaults:2 | Found a staircase to the Crypt.
 30394 | Vaults:2 | 30394 ||| Stepping ~*~*~tactically~*~*~ (stealth).
 30396 | Vaults:2 | 30396 ||| Stepping ~*~*~tactically~*~*~ (hiding).
 30416 | Vaults:2 | 30416 ||| INVOKING Heroism.
 30417 | Vaults:2 | 30417 ||| Stepping ~*~*~tactically~*~*~ (hiding).
 30420 | Vaults:2 | 30420 ||| Stepping ~*~*~tactically~*~*~ (hiding).
 30720 | Vaults:2 | 30720 ||| INVOKING Heroism.
 30773 | Vaults:2 | 30773 ||| DROPPING +1 pair of boots "Hyrais" {Harm +Inv
                  | rPois Int-4}.
 30774 | Vaults:2 | 30774 ||| UPGRADING to amulet of reflection.
 30784 | Vaults:2 | 30784 ||| DROPPING amulet of regeneration.
 30793 | Vaults:3 | 30793 ||| INVOKING Heroism.
 30858 | Vaults:3 | Reached skill level 15 in Armour
 30889 | Vaults:3 | 30889 ||| Stepping ~*~*~tactically~*~*~ (hiding).
 30943 | Vaults:3 | 30943 ||| INVOKING Finesse.
 31225 | Vaults:3 | 31225 ||| INVOKING Heroism.
 31249 | Vaults:3 | 31249 ||| Stepping ~*~*~tactically~*~*~ (stealth).
 31288 | Vaults:3 | 31288 ||| Stepping ~*~*~tactically~*~*~ (hiding).
 31293 | Vaults:3 | 31293 ||| INVOKING Heroism.
 31486 | Vaults:3 | 31486 ||| INVOKING Heroism.
 31489 | Vaults:3 | Noticed Sojobo
 31490 | Vaults:3 | 31490 ||| INVOKING Finesse.
 31509 | Vaults:3 | Killed Sojobo
 31614 | Vaults:3 | 31614 ||| INVOKING Heroism.
 31761 | Vaults:3 | 31761 ||| Stepping ~*~*~tactically~*~*~ (stealth).
 31764 | Vaults:3 | 31764 ||| INVOKING Heroism.
 31773 | Vaults:3 | Received a gift from Okawaru
 31773 | Vaults:3 | Found the +3 pair of seven-league boots {Rampage+∞}
 31790 | Vaults:3 | Found a runed translucent gate.
 31790 | Vaults:3 | Found a runed translucent gate.
 31790 | Vaults:3 | Found a runed translucent gate.
 31792 | Vaults:3 | Noticed qw's ghost (adept GrFi)
 31792 | Vaults:3 | Noticed Ugguttuj's ghost (veteran DrWn)
 31883 | Vaults:3 | 31883 ||| Stepping ~*~*~tactically~*~*~ (hiding).
 31956 | Vaults:3 | 31956 ||| Stepping ~*~*~tactically~*~*~ (hiding).
 31961 | Vaults:3 | 31961 ||| DRINKING 7 potions of curing.
 31961 | Vaults:3 | 31961 ||| (to cure confusion)
 32103 | Vaults:3 | 32103 ||| INVOKING Heroism.
 32104 | Vaults:3 | 32104 ||| INVOKING Finesse.
 32337 | Vaults:4 | 32337 ||| Stepping ~*~*~tactically~*~*~ (hiding).
 32346 | Vaults:4 | 32346 ||| INVOKING Heroism.
 32372 | Vaults:4 | Reached skill level 9 in Dodging
 32379 | Vaults:4 | 32379 ||| INVOKING Heroism.
 32683 | Vaults:4 | Found Gozag's Assorted Antiques.
 32684 | Vaults:4 | 32684 ||| Stepping ~*~*~tactically~*~*~ (hiding).
 32699 | Vaults:4 | Reached XP level 20. HP: 124/131 MP: 27/27
 32709 | Vaults:4 | Found an opulent altar of Gozag.
 32709 | Vaults:4 | Found Gozag's Antique Weapon Shoppe.
 32712 | Vaults:4 | 32712 ||| SHOPLISTING 2 potions of haste (2000 gold, have
                  | 1940).
 32712 | Vaults:4 | 32712 ||| BUYING potion of curing (300 gold).
 32712 | Vaults:4 | Bought a potion of curing for 300 gold pieces
 32712 | Vaults:4 | 32712 ||| BUYING potion of lignification (300 gold).
 32712 | Vaults:4 | Bought a potion of lignification for 300 gold pieces
 32712 | Vaults:4 | 32712 ||| BUYING runed cloak (750 gold).
 32712 | Vaults:4 | Bought a runed cloak for 750 gold pieces
 32718 | Vaults:4 | 32718 ||| FLEEEEING.
 32719 | Vaults:4 | 32719 ||| FLEEEEING.
 32720 | Vaults:4 | 32720 ||| FLEEEEING.
 32721 | Vaults:4 | 32721 ||| FLEEEEING.
 32722 | Vaults:4 | 32722 ||| FLEEEEING.
 32723 | Vaults:4 | 32723 ||| FLEEEEING.
 32724 | Vaults:4 | 32724 ||| FLEEEEING.
 32725 | Vaults:4 | 32725 ||| FLEEEEING.
 32726 | Vaults:4 | 32726 ||| FLEEEEING.
 32727 | Vaults:4 | 32727 ||| FLEEEEING.
 32728 | Vaults:4 | 32728 ||| FLEEEEING.
 32729 | Vaults:4 | 32729 ||| FLEEEEING.
 32735 | Vaults:4 | 32735 ||| FLEEEEING.
 32736 | Vaults:4 | 32736 ||| FLEEEEING.
 32741 | Vaults:4 | 32741 ||| FLEEEEING.
 32750 | Vaults:4 | 32750 ||| STAIRDANCE
 32899 | Vaults:3 | 32899 ||| DROPPING +1 cloak.
 32968 | Vaults:4 | 32968 ||| INVOKING Heroism.
 33171 | Vaults:4 | 33171 ||| Stepping ~*~*~tactically~*~*~ (stealth).
 33475 | Vaults:4 | Found Gozag's Antique Armour Shoppe.
 33486 | Vaults:4 | 33486 ||| SHOPLISTING +1 cloak of Starlight {*Dazzle EV+4
                  | Stlth--} (3050 gold, have 748).
 33486 | Vaults:4 | 33486 ||| SHOPLISTING glowing cloak (750 gold, have 748).
 33515 | Vaults:4 | 33515 ||| READING 2 scrolls of teleportation.
 33521 | Vaults:4 | 33521 ||| Stepping ~*~*~tactically~*~*~ (stealth).
 33525 | Vaults:4 | 33525 ||| INVOKING Heroism.
 33529 | Vaults:4 | 33529 ||| Stepping ~*~*~tactically~*~*~ (stealth).
 33532 | Vaults:4 | Received a gift from Okawaru
 33544 | Vaults:4 | 33544 ||| Stepping ~*~*~tactically~*~*~ (stealth).
 33920 | Vaults:4 | 33920 ||| Stepping ~*~*~tactically~*~*~ (hiding).
 33923 | Vaults:4 | 33923 ||| Stepping ~*~*~tactically~*~*~ (hiding).
 33927 | Vaults:4 | 33927 ||| INVOKING Heroism.
 34056 | Vaults:4 | 34056 ||| FLEEEEING.
 34057 | Vaults:4 | 34057 ||| FLEEEEING.
 34058 | Vaults:4 | 34058 ||| FLEEEEING.
 34059 | Vaults:4 | 34059 ||| FLEEEEING.
 34060 | Vaults:4 | 34060 ||| FLEEEEING.
 34061 | Vaults:4 | 34061 ||| FLEEEEING.
 34062 | Vaults:4 | 34062 ||| FLEEEEING.
 34063 | Vaults:4 | 34063 ||| FLEEEEING.
 34064 | Vaults:4 | 34064 ||| FLEEEEING.
 34065 | Vaults:4 | 34065 ||| FLEEEEING.
 34066 | Vaults:4 | 34066 ||| FLEEEEING.
 34068 | Vaults:4 | 34068 ||| INVOKING Heroism.
 34069 | Vaults:4 | 34069 ||| INVOKING Finesse.
 34115 | Vaults:4 | 34115 ||| Stepping ~*~*~tactically~*~*~ (hiding).
 34551 | Vaults:4 | 34551 ||| PLANNING SNAKE:4
 34551 | Vaults:4 | 34551 ||| DROPPING +2 pair of boots of rampaging.
 34552 | Vaults:4 | 34552 ||| UPGRADING to +2 tower shield.
 34562 | Vaults:4 | 34562 ||| DROPPING +0 tower shield.
 34862 | Snake:4  | Entered Level 4 of the Snake Pit
 34863 | Snake:4  | 34863 ||| STAIRDANCE
 34870 | Snake:4  | 34870 ||| STAIRDANCE
 34876 | Snake:4  | 34876 ||| STAIRDANCE
 34960 | Snake:4  | 34960 ||| INVOKING Heroism.
 35056 | Snake:4  | 35056 ||| INVOKING Heroism.
 35208 | Snake:4  | 35208 ||| Stepping ~*~*~tactically~*~*~ (stealth).
 35209 | Snake:4  | 35209 ||| Stepping ~*~*~tactically~*~*~ (stealth).
 35838 | Snake:4  | 35838 ||| Stepping ~*~*~tactically~*~*~ (hiding).
 35852 | Snake:4  | 35852 ||| Stepping ~*~*~tactically~*~*~ (hiding).
 35859 | Snake:4  | 35859 ||| INVOKING Heroism.
 35895 | Snake:4  | 35895 ||| Stepping ~*~*~tactically~*~*~ (stealth).
 35898 | Snake:4  | 35898 ||| Stepping ~*~*~tactically~*~*~ (stealth).
 35909 | Snake:4  | 35909 ||| INVOKING Heroism.
 35938 | Snake:4  | 35938 ||| Stepping ~*~*~tactically~*~*~ (hiding).
 35950 | Snake:4  | Reached skill level 18 in Fighting
 35996 | Snake:4  | 35996 ||| Stepping ~*~*~tactically~*~*~ (hiding).
 35997 | Snake:4  | 35997 ||| Stepping ~*~*~tactically~*~*~ (hiding).
 36003 | Snake:4  | 36003 ||| Stepping ~*~*~tactically~*~*~ (hiding).
 36007 | Snake:4  | 36007 ||| Stepping ~*~*~tactically~*~*~ (hiding).
 36013 | Snake:4  | 36013 ||| INVOKING Heroism.
 36020 | Snake:4  | Identified the +2 war axe of Puckish Reinforcement {flame,
                  | rElec rF- rC+ SInv Stlth+} (Okawaru gifted it to you on
                  | level 4 of the Snake Pit)
 36020 | Snake:4  | Received a gift from Okawaru
 36053 | Snake:4  | Got a serpentine rune of Zot
 36085 | Snake:4  | 36085 ||| FLEEEEING.
 36091 | Snake:4  | 36091 ||| FLEEEEING.
 36092 | Snake:4  | 36092 ||| FLEEEEING.
 36093 | Snake:4  | 36093 ||| FLEEEEING.
 36094 | Snake:4  | 36094 ||| FLEEEEING.
 36095 | Snake:4  | 36095 ||| FLEEEEING.
 36096 | Snake:4  | 36096 ||| FLEEEEING.
 36097 | Snake:4  | 36097 ||| FLEEEEING.
 36098 | Snake:4  | 36098 ||| FLEEEEING.
 36099 | Snake:4  | 36099 ||| FLEEEEING.
 36100 | Snake:4  | 36100 ||| FLEEEEING.
 36101 | Snake:4  | 36101 ||| FLEEEEING.
 36102 | Snake:4  | 36102 ||| FLEEEEING.
 36103 | Snake:4  | 36103 ||| FLEEEEING.
 36354 | Snake:4  | 36354 ||| PLANNING DEPTHS
 36354 | Snake:4  | 36354 ||| DROPPING ring of protection from fire.
 36627 | Depths:1 | Entered Level 1 of the Depths
 36627 | Depths:1 | Found a one-way gateway to a ziggurat.
 36642 | Depths:1 | 36642 ||| INVOKING Heroism.
 36697 | Depths:1 | 36697 ||| INVOKING Heroism.
 36698 | Depths:1 | 36698 ||| INVOKING Finesse.
 36761 | Depths:1 | 36761 ||| Stepping ~*~*~tactically~*~*~ (hiding).
 36762 | Depths:1 | 36762 ||| Stepping ~*~*~tactically~*~*~ (stealth).
 36790 | Depths:1 | Reached XP level 21. HP: 129/141 MP: 28/28
 36813 | Depths:1 | 36813 ||| READING scroll of enchant weapon.
 36813 | Depths:1 | 36813 ||| ENCHANTING +0 broad axe of freezing.
 36909 | Depths:1 | 36909 ||| READING scroll of enchant weapon.
 36909 | Depths:1 | 36909 ||| ENCHANTING +1 broad axe of freezing.
 36914 | Depths:1 | 36914 ||| Stepping ~*~*~tactically~*~*~ (stealth).
 36916 | Depths:1 | 36916 ||| INVOKING Heroism.
 36918 | Depths:1 | 36918 ||| INVOKING Finesse.
 36953 | Depths:1 | 36953 ||| Stepping ~*~*~tactically~*~*~ (hiding).
 36976 | Depths:1 | 36976 ||| INVOKING Heroism.
 36996 | Depths:1 | 36996 ||| Stepping ~*~*~tactically~*~*~ (hiding).
 36997 | Depths:1 | 36997 ||| INVOKING Finesse.
 36998 | Depths:1 | 36998 ||| Stepping ~*~*~tactically~*~*~ (hiding).
 37002 | Depths:1 | 37002 ||| Stepping ~*~*~tactically~*~*~ (hiding).
 37006 | Depths:1 | 37006 ||| Stepping ~*~*~tactically~*~*~ (hiding).
 37059 | Depths:1 | 37059 ||| Stepping ~*~*~tactically~*~*~ (stealth).
 37071 | Depths:1 | Paralysed by a sphinx for 4 turns
 37078 | Depths:1 | 37078 ||| INVOKING Heroism.
 37102 | Depths:1 | Noticed a golden dragon
 37103 | Depths:1 | 37103 ||| Stepping ~*~*~tactically~*~*~ (stealth).
 37133 | Depths:1 | 37133 ||| Stepping ~*~*~tactically~*~*~ (stealth).
 37139 | Depths:1 | 37139 ||| Stepping ~*~*~tactically~*~*~ (stealth).
 37140 | Depths:1 | 37140 ||| INVOKING Heroism.
 37141 | Depths:1 | 37141 ||| INVOKING Finesse.
 37148 | Depths:1 | Killed a golden dragon
 37232 | Depths:1 | 37232 ||| Stepping ~*~*~tactically~*~*~ (hiding).
 37244 | Depths:1 | 37244 ||| INVOKING Heroism.
 37349 | Depths:1 | 37349 ||| Stepping ~*~*~tactically~*~*~ (stealth).
 37350 | Depths:1 | 37350 ||| Stepping ~*~*~tactically~*~*~ (stealth).
 37352 | Depths:1 | 37352 ||| Stepping ~*~*~tactically~*~*~ (stealth).
 37362 | Depths:1 | Received a gift from Okawaru
 37420 | Depths:1 | 37420 ||| Stepping ~*~*~tactically~*~*~ (hiding).
 37422 | Depths:1 | 37422 ||| Stepping ~*~*~tactically~*~*~ (hiding).
 37547 | Depths:1 | 37547 ||| INVOKING Heroism.
 37549 | Depths:1 | 37549 ||| Stepping ~*~*~tactically~*~*~ (stealth).
 37597 | Depths:1 | 37597 ||| INVOKING Heroism.
 37598 | Depths:1 | 37598 ||| INVOKING Finesse.
 37767 | Depths:1 | 37767 ||| INVOKING Heroism.
 37767 | Depths:1 | Found a gateway to Hell.
 38000 | Depths:1 | 38000 ||| DROPPING amulet of faith.
 38017 | Depths:2 | 38017 ||| READING scroll of enchant weapon.
 38017 | Depths:2 | 38017 ||| ENCHANTING +2 broad axe of freezing.
 38050 | Depths:2 | 38050 ||| INVOKING Heroism.
 38051 | Depths:2 | 38051 ||| INVOKING Finesse.
 38056 | Depths:2 | Reached skill level 18 in Armour
 38085 | Depths:2 | Found a one-way gate leading to the halls of Pandemonium.
 38155 | Depths:2 | 38155 ||| Stepping ~*~*~tactically~*~*~ (hiding).
 38274 | Depths:2 | Found a portal to a secret trove of treasure.
 38316 | Depths:2 | 38316 ||| INVOKING Heroism.
 38348 | Depths:2 | 38348 ||| INVOKING Finesse.
 38451 | Depths:2 | 38451 ||| Stepping ~*~*~tactically~*~*~ (stealth).
 38463 | Depths:2 | 38463 ||| INVOKING Heroism.
 38466 | Depths:2 | 38466 ||| Stepping ~*~*~tactically~*~*~ (hiding).
 38467 | Depths:2 | 38467 ||| Stepping ~*~*~tactically~*~*~ (hiding).
 38486 | Depths:2 | 38486 ||| Stepping ~*~*~tactically~*~*~ (hiding).
 38674 | Depths:2 | Found a one-way gate to the infinite horrors of the Abyss.
 38706 | Depths:2 | 38706 ||| INVOKING Heroism.
 38707 | Depths:2 | 38707 ||| INVOKING Finesse.
 38764 | Depths:2 | 38764 ||| Stepping ~*~*~tactically~*~*~ (hiding).
 38781 | Depths:2 | Received a gift from Okawaru
 39028 | Depths:2 | 39028 ||| DROPPING +4 ring of evasion.
 39086 | Depths:3 | 39086 ||| Stepping ~*~*~tactically~*~*~ (hiding).
 39089 | Depths:3 | 39089 ||| INVOKING Heroism.
 39090 | Depths:3 | 39090 ||| INVOKING Finesse.
 39131 | Depths:3 | Received a gift from Okawaru
 39271 | Depths:3 | Found an opulent altar of Gozag.
 39282 | Depths:3 | 39282 ||| DROPPING +1 cloak.
 39283 | Depths:3 | 39283 ||| READING 4 scrolls of teleportation.
 39284 | Depths:3 | 39284 ||| FLEEEEING.
 39285 | Depths:3 | 39285 ||| Stepping ~*~*~tactically~*~*~ (hiding).
 39431 | Depths:3 | 39431 ||| INVOKING Heroism.
 39474 | Depths:3 | 39474 ||| INVOKING Heroism.
 39475 | Depths:3 | 39475 ||| INVOKING Finesse.
 39522 | Depths:3 | Found a corrupted altar of Lugonu.
 39530 | Depths:3 | 39530 ||| INVOKING Heroism.
 39535 | Depths:3 | Received a gift from Okawaru
 39550 | Depths:3 | 39550 ||| DROPPING +2 war axe of freezing.
 39582 | Depths:3 | Found a glowing golden altar of the Shining One.
 39629 | Depths:3 | 39629 ||| Stepping ~*~*~tactically~*~*~ (stealth).
 39631 | Depths:3 | 39631 ||| Stepping ~*~*~tactically~*~*~ (stealth).
 39633 | Depths:3 | 39633 ||| Stepping ~*~*~tactically~*~*~ (stealth).
 39635 | Depths:3 | 39635 ||| INVOKING Heroism.
 39689 | Depths:3 | 39689 ||| INVOKING Heroism.
 39690 | Depths:3 | 39690 ||| INVOKING Finesse.
 39878 | Depths:3 | 39878 ||| Stepping ~*~*~tactically~*~*~ (stealth).
 40010 | Depths:3 | Found a runed door.
 40028 | Depths:3 | Reached XP level 22. HP: 150/150 MP: 29/29
 40068 | Depths:3 | HP: 33/150 [spectral storm dragon[a curse skull] (7)]
 40069 | Depths:3 | 40069 ||| DRINKING 12 potions of heal wounds.
 40220 | Depths:4 | Entered Level 4 of the Depths
 40279 | Depths:4 | 40279 ||| INVOKING Finesse.
 40280 | Depths:4 | 40280 ||| INVOKING Finesse.
 40287 | Depths:4 | 40287 ||| INVOKING Heroism.
 40321 | Depths:4 | 40321 ||| Stepping ~*~*~tactically~*~*~ (hiding).
 40377 | Depths:4 | Noticed a golden dragon
 40378 | Depths:4 | 40378 ||| INVOKING Heroism.
 40380 | Depths:4 | 40380 ||| INVOKING Finesse.
 40388 | Depths:4 | Killed a golden dragon
 40427 | Depths:4 | 40427 ||| Stepping ~*~*~tactically~*~*~ (stealth).
 40429 | Depths:4 | 40429 ||| INVOKING Heroism.
 40496 | Depths:4 | 40496 ||| Stepping ~*~*~tactically~*~*~ (hiding).
 40502 | Depths:4 | 40502 ||| INVOKING Heroism.
 40518 | Depths:4 | Found a gate to the Realm of Zot.
 40583 | Depths:4 | 40583 ||| INVOKING Heroism.
 40596 | Depths:4 | Received a gift from Okawaru
 40616 | Depths:4 | 40616 ||| INVOKING Heroism.
 40617 | Depths:4 | 40617 ||| INVOKING Finesse.
 40618 | Depths:4 | 40618 ||| DRINKING 10 potions of curing.
 40618 | Depths:4 | 40618 ||| (to cure confusion)
 40669 | Depths:4 | 40669 ||| INVOKING Finesse.
 40669 | Depths:4 | HP: 22/152 [hell knight/bolt of fire (31)]
 40669 | Depths:4 | Killed from afar by a hell knight

Levels and vault maps discovered:
D:1:      amcnicky_arrival_double_pillar, layout_loops_ring, serial_shops,
          nicolae_shop_stone
D:2:      layout_basic, nicolae_ecumenical_pavilion
D:3:      layout_basic, mainiacjoe_overflow_cross_hatched, serial_shops, shop,
          minmay_misc_feat_chi, kennysheep_generic_room_7
D:4:      layout_loops_ring, kiku_gazebo_pond_becter,
          minmay_temple_entry_arrows, minmay_quadrilaterals
D:5:      layout_rooms, led_sif_book, serial_shops,
          nicolae_shop_temple_entry_statues_fountains, nicolae_shop_crystal,
          kennysheep_generic_room_11
D:6:      layout_basic, general_overflow_altar, mainiacjoe_overflow_paths,
          ebering_ghost_rock_garden, grunt_decor_resistance, glass_columns_a,
          chequers_big_river
D:7:      layout_basic, kennysheep_slug_shrine
D:8:      layout_basic, kennysheep_ying_yang, lemuel_round_altar,
          fiery_altar_vehumet, mainiacjoe_overflow_alcove_2, patterned_corridor
D:9:      minmay_distorted_concentric_squares, layout_irregular_city,
          nemelex_xobeh_ov_fountains_minmay, zin_academy, minitemple,
          david_lair_generic, uniq_amaemon
D:10:     cheibrodos_helix_gallery, layout_basic, mainiacjoe_overflow_catwalk,
          uniq_snorg
D:11:     layout_loops_cross, evilmike_butchery
D:12:     minmay_wizard_corner, layout_loops_cross, minmay_orc_entry_guard_dogs,
          uniq_josephine, uniq_kirke, uniq_nergalle, uniq_maurice
D:13:     layout_loops_ring, lightli_vaults_fourway_checkpoint, serial_shops,
          nicolae_lakefront_shop, library_closet, lightli_minifort,
          uniq_erolcha, uniq_urug
D:14:     layout_rooms, serial_corexii_hall, corexii_hall_statues_i,
          corexii_hall_statues_l, chequers_hall_statues_wall_a,
          corexii_hall_statues_l
D:15:     grunt_enter_depths_giant_problem, layout_irregular_city
Temple:   hellmonk_temple_two_chambers
Lair:1:   layout_regular_city, lemuel_fruit_tree, lemuel_fruit_fields,
          lemuel_fruit_fields
Lair:2:   layout_misc_corridors, nicolae_quartered_pool_little,
          chequers_serial_rivers_micro_c, grunt_megastairs_2
Lair:3:   layout_roguey, skrybe_swamp_entry_bodies,
          minmay_snake_entry_guardpost_small
Lair:4:   layout_cave_pods, uniq_nessos
Lair:5:   hangedman_lair_caniforms_friends, layout_long_grid,
          hangedman_lair_in_review, slime_entry_1,
          chequers_serial_rivers_small_a
Swamp:1:  layout_basic_swamp, nicolae_swamp_trees_clearing, swamp_pool2,
          infiniplex_staircase_pool, uniq_aizul, uniq_jorgrun
Swamp:2:  layout_basic_swamp, nicolae_swamp_some_circles
Swamp:3:  layout_basic_swamp, hangedman_swamp_ruin_hall
Swamp:4:  swamp_vile, layout_basic_swamp
Snake:1:  layout_basic
Snake:2:  layout_basic
Snake:3:  layout_cave_pods, serial_bayou_pond_a,
          nicolae_snake_salamander_jacuzzi
Snake:4:  minmay_snake_end_coiled, layout_layer_cave, grunt_megastairs_1
Orc:1:    layout_caves, serial_shops, nicolae_shop_crystal
Orc:2:    grunt_orc_community_town_hall, layout_caves,
          grunt_orc_community_big_house_1, grunt_orc_community_big_house_2,
          grunt_orc_community_house_1, grunt_orc_community_house_2,
          grunt_orc_community_house_3, grunt_orc_community_house_3,
          serial_shops, nicolae_lakefront_shop, nicolae_square_shop, basic_altar
Vaults:1: vaults_room_hangedman_quadrants, hangedman_vaults_impose,
          vaults_dpeg_emergency_exit, v_alt_pattern_2,
          vaults_room_grunt_arrival_ludios, layout_vaults_omnigrid, uniq_zenata
Vaults:2: nicolae_vaults_know_your_exits, v_misc_1,
          vaults_mumra_minichess_inversion, grunt_vaults_trifunnel,
          hangedman_vaults_slice, vaults_room_fours,
          minmay_crypt_entry_nasty_monster, nicolae_vaults_theta,
          vaults_mumra_lcd, hangedman_vaults_trim, grunt_vaults_diagonal,
          v_misc_16, layout_vaults_big_room, uniq_donald
Vaults:3: gammafunk_ghost_cemetery, nicolae_vaults_little_squares_4,
          nicolae_vaults_ring_of_whatevers, ontoclasm_vaults_misaligned,
          hangedman_vaults_corner, grunt_vaults_swirl, v_alt_pattern_3,
          vaults_dpeg_spiral, vaults_mumra_minichess,
          nicolae_vaults_halls_meeting, v_misc_17,
          nicolae_vaults_big_angled_halls, ontoclasm_vaults_idyll,
          nicolae_vaults_little_squares_6, vaults_dpeg_diagonal,
          nicolae_vaults_yaktaur_gun_rack, vaults_dpeg_ring,
          layout_vaults_omnicross, uniq_sojobo
Vaults:4: kennysheep_vaults_gozag_temple, nicolae_vaults_network_square,
          hangedman_vaults_corner_blocks, v_pattern_4, vaults_room_ringed_pool,
          ontoclasm_vaults_fault, v_rooms_3, nicolae_vaults_network_periphery,
          v_misc_22, nicolae_vaults_what_the_h, nicolae_vaults_big_ls,
          nicolae_vaults_little_squares_2, layout_vaults_omnibox
Depths:1: layout_big_octagon, ziggurat_fallback, nicolae_lava_and_water,
          lightli_too_deep, serial_sigils, serial_sigils_hangedman_shear,
          serial_sigils_hangedman_gnaw, serial_sigils_hangedman_carve,
          serial_sigils_hangedman_shear, serial_sigils_hangedman_writhe,
          minmay_checkered_concentric_circles
Depths:2: nzn_winding_woodlands_three_and_one
          [nzn_winding_woodlands_5x15_lazy_stream,
          nzn_winding_woodlands_5x15_garden,
          nzn_winding_woodlands_5x15_concentric,
          nzn_winding_woodlands_center_diamonds], layout_basic,
          pf_hell_entry_great_geh, abyss_entry_small_statue_room, pan_entry,
          nicolae_trove_entry_crystal, infiniplex_staircase_river
Depths:3: evilmike_wizard_prison, layout_small_grid, abyss_entry_flame_altar,
          serial_glass, glass_columns_a, glass_columns_c, grunt_gozag_statues,
          hell_entry, hangedman_abyss_or_decor_stabs, tso_metal_star
Depths:4: grunt_zot_entry_hairpin, layout_gridlike, dk_noncrumbling_4,
          hellmouth_3, serial_bayou_shore_b, infiniplex_staircase_pool_lava

Skill      XL: |  1  2  3  4  5  6  7  8  9 10 11 12 13 14 15 16 17 18 19 20 21 22 |
---------------+-------------------------------------------------------------------+-----
Axes           | 2 3 4 5 6 8 9 10 12 13 15 16 18 | 18.0
Dodging        | 1 2 3 4 7 9 10 11 | 11.0
Fighting       | 4 5 6 7 8 9 10 11 12 14 15 16 18 19 20 | 20.0
Invocations    | 2 4 5 8 10 | 10.0
Throwing       | 1 2 3 4 5 6 |  6.0
Armour         | 4 6 7 9 10 11 12 13 14 15 17 19 | 19.0
Shields        | 4 7 10 11 12 13 14 18 19 20 | 20.6

Action                   |  1- 3 |  4- 6 |  7- 9 | 10-12 | 13-15 | 16-18 | 19-21 | 22-24 || total
-------------------------+-------+-------+-------+-------+-------+-------+-------+-------++-------
Melee: War axe           |    94 |    88 |   166 |   269 |   694 |   440 |       |       ||  1751
       Demon whip        |       |       |       |     9 |       |    27 |       |       ||    36
       Broad axe         |       |       |       |       |       |   635 |  1334 |   170 ||  2139
Throw: Boomerang         |       |     5 |    17 |    59 |   113 |    55 |   144 |    18 ||   411
       Javelin           |       |       |    17 |     2 |    60 |    39 |       |       ||   118
Invok: Heroism           |       |     3 |    14 |    17 |    36 |    49 |    40 |     6 ||   165
       Finesse           |       |       |       |     3 |    13 |     8 |    15 |     4 ||    43
  Use: Scroll            |     4 |     6 |     9 |     8 |     8 |     8 |     5 |       ||    48
       Potion            |       |     2 |     2 |     2 |       |     4 |     1 |     2 ||    13
 Stab: Distracted        |       |       |       |     1 |       |       |       |       ||     1
Armor: Scale mail        |    51 |     2 |       |       |       |       |       |       ||    53
       Plate armour      |       |    46 |    96 |   149 |   339 |   447 |   337 |    43 ||  1457
Dodge: Dodged            |    40 |    21 |    48 |    66 |   160 |   325 |   247 |    45 ||   952
Block: Buckler           |    12 |    19 |    38 |    32 |       |       |       |       ||   101
       Kite shield       |       |       |       |    64 |   421 |   559 |       |       ||  1044
       Tower shield      |       |       |       |       |       |   257 |  1179 |   140 ||  1576
       Reflection        |       |       |       |       |       |       |   116 |     7 ||   123

Table legend:
 A = Non-vault XP
 B = Vault XP
 C = Vault XP percentage of total XP
 D = Non-vault monster count
 E = Vault monster count
 F = Vault count percentage of total count
                 A         B        C        D         E       F
            +---------+---------+-------+---------+---------+-------
      Total |  386403 |  252093 |  39.5 |     976 |     468 |  32.4
            +---------+---------+-------+---------+---------+-------
        D:1 |      33 |       0 |   0.0 |      13 |       0 |   0.0
        D:2 |      36 |       0 |   0.0 |      18 |       0 |   0.0
        D:3 |      18 |       6 |  25.0 |       4 |       2 |  33.3
        D:4 |     240 |      23 |   8.7 |      18 |       4 |  18.2
        D:5 |     582 |      13 |   2.2 |      19 |       1 |   5.0
        D:6 |    1489 |       0 |   0.0 |      27 |       0 |   0.0
        D:7 |     979 |       4 |   0.4 |      12 |       1 |   7.7
        D:8 |    1572 |       0 |   0.0 |      24 |       0 |   0.0
        D:9 |    3071 |    4805 |  61.0 |      25 |      15 |  37.5
       D:10 |    3498 |    1358 |  28.0 |      21 |       3 |  12.5
       D:11 |    2312 |       0 |   0.0 |      17 |       0 |   0.0
       D:12 |    3857 |   10399 |  72.9 |      18 |      22 |  55.0
       D:13 |    8936 |   10149 |  53.2 |      19 |      21 |  52.5
       D:14 |    6585 |       0 |   0.0 |      11 |       0 |   0.0
       D:15 |    8806 |    1252 |  12.4 |      26 |       1 |   3.7
     Lair:1 |    3998 |       0 |   0.0 |      17 |       0 |   0.0
     Lair:2 |    3375 |       0 |   0.0 |      10 |       0 |   0.0
     Lair:3 |    5360 |    1294 |  19.4 |      28 |       5 |  15.2
     Lair:4 |    3935 |    1019 |  20.6 |      12 |       1 |   7.7
     Lair:5 |   11874 |   19956 |  62.7 |      30 |      77 |  72.0
    Swamp:1 |    9746 |    3050 |  23.8 |      22 |       2 |   8.3
    Swamp:2 |    7971 |       0 |   0.0 |      19 |       0 |   0.0
    Swamp:3 |    4940 |       0 |   0.0 |      12 |       0 |   0.0
    Swamp:4 |   11984 |   19726 |  62.2 |      31 |      30 |  49.2
    Snake:1 |    6922 |       0 |   0.0 |      16 |       0 |   0.0
    Snake:2 |   14197 |       0 |   0.0 |      34 |       0 |   0.0
    Snake:3 |    6031 |    3188 |  34.6 |      12 |       6 |  33.3
    Snake:4 |   14219 |   20534 |  59.1 |      31 |      38 |  55.1
      Orc:1 |    1930 |       0 |   0.0 |      39 |       0 |   0.0
      Orc:2 |   12023 |    5184 |  30.1 |      75 |      64 |  46.0
   Vaults:1 |   14965 |    8590 |  36.5 |      22 |       9 |  29.0
   Vaults:2 |   43798 |   39290 |  47.3 |      69 |      47 |  40.5
   Vaults:3 |   18853 |   23283 |  55.3 |      29 |      29 |  50.0
   Vaults:4 |   37065 |   29822 |  44.6 |      48 |      40 |  45.5
   Depths:1 |   32030 |   11651 |  26.7 |      46 |      10 |  17.9
   Depths:2 |   19811 |    5980 |  23.2 |      31 |       6 |  16.2
   Depths:3 |   39012 |    7411 |  16.0 |      45 |       9 |  16.7
   Depths:4 |   17427 |   24106 |  58.0 |      22 |      25 |  53.2
    Abyss:2 |    2923 |       0 |   0.0 |       4 |       0 |   0.0
            +---------+---------+-------+---------+---------+-------
